 Dungeon Crawl Stone Soup version 0.31-a0-981-geadf994542 (webtiles) character file.

Game seed: 14532073522634619458

2254904 MackTheKnife the Intangible (level 27, 216/216 HPs)
             Began as a Merfolk Summoner on Oct 31, 2023.
             Was the Champion of Hepliaklqana.
             Escaped with the Orb
             ... and 4 runes!
             The game lasted 02:43:05 (72119 turns).

MackTheKnife the Intangible (Merfolk Summoner)     Turns: 72119, Time: 02:43:05

Health: 216/216    AC: 23    Str: 16    XL:     27
Magic:  41/41      EV: 30    Int: 28    God:    Hepliaklqana [******]
Gold:   4984       SH: 14    Dex: 21    Spells: 4/54 levels left

rFire   + + .        a - +9 demon blade (freeze) {long}
rCold   + . .        O - +7 buckler "Dithru" {rElec}
rNeg    + . .        G - quicksilver dragon scales {rare}
rPois   +            e - +0 helmet "Suar" {rElec Str+3}
rElec   +            E - +0 cloak "Weepnios" {rF+ SInv}
rCorr   .            V - +2 pair of gloves
SInv    +            F - +2 pair of boots
Will    ++++.        n - amulet "Biutzuv" {RegenMP rPois rC+ Int+5}
Stlth   +            g - +6 ring of intelligence
HPRegen 0.56/turn    Q - ring of Xastriokkuit {Fire rPois rN+ Will+ Stlth+}
MPRegen 0.67/turn

%: no passive effects
@: no status effects
A: reduced essence, (nimble swimmer 2), mertail, cold resistance 1, mutation
resistance 1
0: Orb of Zot
}: 4/15 runes: serpentine, barnacled, slimy, silver
a: Renounce Religion, Recall Ancestor, Ancestor Identity, Transference, Idealise


You escaped.
You worshipped Hepliaklqana.
Hepliaklqana was exalted by your worship.
You visited 10 branches of the dungeon, and saw 52 of its levels.
You also visited: Gauntlet, Ice Cave and Wizlab.

You collected 10450 gold pieces.
You spent 5466 gold pieces at shops.


Innate Abilities, Weirdness & Mutations

Your life essence is reduced to manifest your ancestor. (-10% HP)
((You are very nimble when in or above water. (Stealth+, EV+, Speed+++)))
Your lower body shifts to a powerful aquatic tail in water.
Your flesh is cold resistant. (rC+)
You are somewhat resistant to further mutation.


   Skills:
 + Level 24.6 Fighting
 - Level 16.0 Long Blades
 - Level 11.7 Armour
 O Level 27 Dodging
 - Level 2.1 Stealth
 - Level 8.0 Shields
 - Level 14.0 Spellcasting
 - Level 7.0 Hexes
 O Level 27 Summonings
 - Level 4.0 Translocations
 - Level 8.0 Transmutations
 - Level 6.0 Air Magic
 - Level 6.0 Invocations
 - Level 4.0 Evocations


You had 4 spell levels left.
You knew the following spells:

 Your Spells              Type           Power      Damage    Failure   Level
a - Wereblood             Tmut           59%        N/A       1%          2
b - Summon Hydra          Summ           53%        N/A       1%          7
c - Call Canine Familiar  Summ           100%       N/A       0%          3
d - Summon Guardian Gole  Hex/Summ       86%        N/A       0%          3
e - Summon Lightning Spi  Summ/Air       84%        N/A       1%          4
f - Summon Forest         Summ/Tloc      41%        N/A       1%          5
g - Summon Mana Viper     Hex/Summ       86%        N/A       1%          5
h - Dragon's Call         Summ           53%        N/A       9%          9
i - Yara's Violent Unrav  Hex/Tmut       28%        3d12      7%          5
j - Malign Gateway        Summ/Tloc      41%        N/A       8%          7

Your spell library contained the following spells:

 Spells                   Type           Power      Damage    Failure   Level
 Summon Small Mammal      Summ           100%       N/A       0%          1
 Call Imp                 Summ           100%       N/A       0%          2
 Apportation              Tloc           84%        N/A       1%          1
 Shock                    Conj/Air       100%       1d9       1%          1
 Sting                    Tmut/Pois      100%       1d8       1%          1
 Blink                    Tloc           84%        N/A       1%          2
 Jinxbite                 Hex            100%       N/A       1%          2
 Lesser Beckoning         Tloc           84%        N/A       1%          2
 Passwall                 Tmut/Erth      35%        N/A       1%          2
 Confusing Touch          Hex            56%        N/A       1%          3
 Swiftness                Air            52%        N/A       1%          3
 Tukima's Dance           Hex            56%        N/A       1%          3
 Summon Ice Beast         Ice/Summ       76%        N/A       1%          4
 Cigotuvi's Dreadful Rot  Necr/Pois/Air  60%        N/A       3%          2
 Momentum Strike          Conj/Tloc      60%        3d9       3%          2
 Gell's Gravitas          Tloc           42%        N/A       3%          3
 Inner Flame              Hex/Fire       56%        N/A       3%          3
 Teleport Other           Tloc           42%        N/A       3%          3
 Cause Fear               Hex            28%        N/A       3%          4
 Airstrike                Air            26%        2d(4-20)  4%          4
 Foxfire                  Conj/Fire      100%       2x1d9     5%          1
 Freeze                   Ice            76%        1d8       5%          1
 Kiss of Death            Conj/Necr      76%        2d11      5%          1
 Magic Dart               Conj           76%        1d6       5%          1
 Necrotise                Necr           76%        1d7       5%          1
 Ignite Poison            Fire/Tmut/Pois 51%        N/A       5%          3
 Dimensional Bullseye     Hex/Tloc       25%        N/A       5%          4
 Volatile Blastmotes      Fire/Tloc      92%        2d17      7%          3
 Vhi's Electric Charge    Tloc/Air       94%        N/A       7%          4
 Scorch                   Fire           58%        2d7       8%          2
 Searing Ray              Conj           38%        2d5       8%          2
 Sublimation of Blood     Necr           19%        N/A       8%          2
 Manifold Assault         Tloc           42%        N/A       10%         4
 Passage of Golubria      Tloc           42%        N/A       10%         4
 Fulminant Prism          Conj/Hex       19%        3d11      12%         4
 Frozen Ramparts          Ice            38%        1d6       16%         3
 Hailstorm                Conj/Ice       19%        3d6       16%         3
 Ozocubu's Armour         Ice            19%        N/A       16%         3
 Iskenderun's Mystic Bla  Conj/Tloc      30%        2d8       22%         4
 Animate Dead             Necr           19%        N/A       45%         4
 Dispel Undead            Necr           19%        3d11      45%         4
 Flame Wave               Conj/Fire      29%        2d9       45%         4
 Sticky Flame             Conj/Fire      29%        2d5       45%         4
 Summon Cactus Giant      Summ           53%        N/A       0%          6
 Monstrous Menagerie      Summ           53%        N/A       1%          7
 Summon Horrible Things   Summ           53%        N/A       1%          8
 Haunt                    Necr/Summ      38%        N/A       17%         7
 Spellforged Servitor     Conj/Summ      38%        N/A       17%         7
 Alistair's Intoxication  Tmut/Pois      28%        N/A       28%         5
 Metabolic Englaciation   Hex/Ice        19%        N/A       34%         5
 Arcjolt                  Conj/Air       18%        1d28      38%         5
 Freezing Cloud           Conj/Ice/Air   15%        6-21      54%         5
 Borgnjor's Vile Clutch   Necr/Erth      9%         N/A       82%         5
 Fireball                 Conj/Fire      14%        3d8       82%         5
 Dispersal                Tloc           21%        N/A       83%         6
 Plasma Beam              Fire/Air       26%        2x1d39    93%         6
 Enfeeble                 Hex            28%        N/A       94%         7
 Death Channel            Necr           9%         N/A       100%        6
 Simulacrum               Ice/Necr       9%         N/A       100%        6
 Starburst                Conj/Fire      14%        6d6       100%        6
 Orb of Destruction       Conj           9%         9d6       100%        7
 Ozocubu's Refrigeration  Ice            9%         4d9       100%        7
 Borgnjor's Revivificati  Necr           9%         N/A       100%        8
 Disjunction              Tloc           21%        N/A       100%        8
 Death's Door             Necr           9%         N/A       100%        9
 Polar Vortex             Ice            9%         12d1*     100%        9

Inventory:

Hand Weapons
 a - a +9 demon blade of freezing (weapon) {long}
   (You acquired it on level 8 of the Dungeon)
 b - the +8 sling "Giantbane" {drain, Str+4 Int+4 SInv Stlth-}
   (You found it on level 2 of the Depths)

   Str+4:     It affects your strength (+4).
   Int+4:     It affects your intelligence (+4).
   SInv:      It lets you see invisible.
   Stlth-:    It makes you less stealthy.
 w - a +7 heavy demon blade {long}
   (You took it off a hell knight on level 3 of the Depths)
Armour
 e - the +0 helmet "Suar" (worn) {rElec Str+3}
   (You found it in a Gauntlet)

   Str+3:     It affects your strength (+3).
   rElec:     It insulates you from electricity.
 D - a +3 leather armour of resistance
   (You found it in an ice cave)
 E - the +0 cloak "Weepnios" (worn) {rF+ SInv}
   (You acquired it on level 4 of the Vaults)

   rF+:       It protects you from fire.
   SInv:      It lets you see invisible.
 F - a +2 pair of boots (worn)
   (You found it on level 5 of the Dungeon)
 G - quicksilver dragon scales (worn) {rare}
   (You found it on level 5 of the Vaults)
 O - the +7 buckler "Dithru" (worn) {rElec}
   (You found it on level 10 of the Dungeon)

   rElec:     It insulates you from electricity.
 V - a +2 pair of gloves (worn)
   (You found it on level 2 of the Lair of Beasts)
Jewellery
 g - a +6 ring of intelligence (left hand)
   (You found it on level 1 of the Dungeon)
 n - the amulet "Biutzuv" (around neck) {RegenMP rPois rC+ Int+5}
   (You bought it in a shop on level 3 of the Shoals)

   [amulet of magic regeneration]

   RegenMP:   It increases your rate of magic regeneration.
   Int+5:     It affects your intelligence (+5).
   rC+:       It protects you from cold.
   rPois:     It protects you from poison
 r - the ring "Anguloecw" {Will+ Str+5}
   (You acquired it on level 5 of the Vaults)

   [ring of willpower]

   Str+5:     It affects your strength (+5).
   Will+:     It increases your willpower.
 u - an amulet of reflection
   (You took it off a vault guard on level 5 of the Vaults)
 Q - the ring of Xastriokkuit (right hand) {Fire rPois rN+ Will+ Stlth+}
   (You took it off a salamander in a wizard's laboratory)

   [ring of fire]

   Fire:      It enhances your fire magic.
   rF+:       It protects you from fire.
   rC-:       It makes you vulnerable to cold.
   rPois:     It protects you from poison rN+: It protects you from negative
   energy.
   Will+:     It increases your willpower.
   Stlth+:    It makes you more stealthy.
 U - a ring of flight
   (You found it on level 1 of the Dungeon)
Wands
 s - a wand of quicksilver (12)
   (You found it on level 4 of the Shoals)
 x - a wand of flame (166)
   (You found it on level 4 of the Dungeon)
 J - a wand of polymorph (21)
   (You found it on level 2 of the Vaults)
 N - a wand of iceblast (41)
   (You found it on level 15 of the Dungeon)
 S - a wand of digging (2)
   (You bought it in a shop on level 11 of the Dungeon)
Scrolls
 c - a scroll of enchant armour
 d - 3 scrolls of revelation
 f - 25 scrolls of identify {@r1}
 l - a scroll of fear
 m - 6 scrolls of poison {!r}
 t - 24 scrolls of teleportation {@r4}
 v - 11 scrolls of vulnerability {!r!r}
 y - 3 scrolls of fog
 B - 9 scrolls of blinking {!r}
 H - 5 scrolls of immolation {!r!r}
 Y - 9 scrolls of silence {!r}
Potions
 h - 12 potions of might
 i - 4 potions of ambrosia
 j - 5 potions of enlightenment
 o - 11 potions of haste {@q3}
 p - 7 potions of invisibility
 q - 6 potions of berserk rage {!q}
 z - 17 potions of curing {@q1}
 A - 13 potions of mutation {!q}
 C - 8 potions of heal wounds {@q2}
 I - 6 potions of brilliance
 R - 3 potions of resistance
 W - 2 potions of magic
 Z - 3 potions of cancellation
Miscellaneous
 k - a lightning rod (4/4)
   (You found it on level 8 of the Dungeon)
 K - a phantom mirror
   (You bought it in a shop on level 6 of the Dungeon)
 P - a sack of spiders
   (You bought it in a shop on level 6 of the Dungeon)
 T - a condenser vane (inert)
   (You bought it in a shop on level 6 of the Dungeon)

Dungeon Overview and Level Annotations

Branches:
Dungeon (15/15)            Temple (0/1) D:5            Lair (5/5) D:8
 Shoals (4/4) Lair:2        Snake (4/4) Lair:2        Slime (5/5) Lair:5
    Orc (2/2) D:12            Elf (3/3) Orc:2        Vaults (5/5) D:13
  Crypt (0/3) Vaults:2     Depths (4/4) D:15            Zot (5/5) Depths:4
  IceCv (visited)          WizLab (visited)         Gauntlet (visited)

Altars:
Ashenzari
Elyvilon
Fedhas
Gozag
Hepliaklqana
Nemelex Xobeh
Sif Muna
Trog
Xom
Yredelemnul
Zin
The Shining One
Jiyva

Shops:
D:6 =*   D:9 *   D:10 *(=   D:11 *   Orc:2 ?!==*   Shoals:1 *   Shoals:3 *
Snake:3 ?   Vaults:1 [(((   Vaults:4 =(   Depths:4 (!

Portals:
Hell: Depths:1 Depths:2 Depths:3 Depths:4
Abyss: Depths:2 Depths:3
Pandemonium: Depths:2 Depths:3
Ziggurat: Depths:1

Annotations:
D:3 Ijyb
Shoals:1 1 runed translucent door, Takeo's ghost, adept TeBe
Elf:2 3 runed translucent doors
Depths:1 3 runed translucent doors, exclusions: angel, daeva and 2 more exclusions
Zot:5 exclusion: 3 upstairs

###### ##...##
......## (......#
...%...# ##########
.......# #8...@..8#
......######≈...R..§#
.#...## #..#≈......≈#
.##### #..#≈......≈#
.# #..#≈..88..≈# .#
#..#≈......§# .#
###..#≈......≈# .#
##....#≈......≈# .#
##..#..#8......8#


You could see the friendly Daniel the hexer.


Message History

You climb upwards.
Level annotation: Ijyb
There is a stone staircase leading down here. 😕 HP[+1] MP[+1]
You start resting.
An ice devil comes into view. 😕 HP[+3] MP[+3]
You regained 3 hp, and now have 171/216 hp.
You regained 3 mp, and now have 36/41 mp.
You are confused.
You feel invigorated.
Daniel mumbles some strange words.
The ice devil resists with almost no effort. 😕 HP[+4] MP[+5]
You regained 4 hp, and now have 175/216 hp.
Your mp is fully restored (41).
An ice devil is nearby!
Unknown command. 😕 HP[+6]
You regained 6 hp, and now have 181/216 hp.
Daniel casts a spell at the ice devil.
The ice devil resists with almost no effort.
Daniel gestures at the ice devil while chanting.
The ice devil suddenly stops moving! 😕 HP[+4]
You regained 4 hp, and now have 185/216 hp.
An ice devil is nearby!
You bump into the rock wall. 😕 HP[+5]
You regained 5 hp, and now have 190/216 hp. 😕 HP[+3]
You regained 3 hp, and now have 193/216 hp.
Unknown command.
You bump into the rock wall.
You feel less invigorated.
You feel less confused. 😕 HP[+4]
You regained 4 hp, and now have 197/216 hp.
The helpless ice devil fails to defend itself.
You open the ice devil like a pillowcase!!!
You kill the ice devil!
Unknown command. 😕 HP[+1] 😕 HP[+1]
What level of the Dungeon? (default 1, ? - help)
Your magical contamination has completely faded away. 😕 HP[+2]
You regained 2 hp, and now have 201/216 hp.
Unknown command.
What level of the Dungeon? (default 1, ? - help) Daniel is no longer moving quickly.
A demonic crawler comes into view. 😕 HP[+9]
You regained 9 hp, and now have 210/216 hp.
The demonic crawler moves out of view. 😕 HP[+1] 😕 HP[+1] Daniel gestures wildly while chanting.
Daniel seems to speed up. 😕 HP[+1] 😕 HP[+1] Daniel hits the demonic crawler with a +0 antimagic quick blade.
Daniel hits the demonic crawler with a +0 antimagic quick blade!
Daniel hits the demonic crawler but does no damage.
Daniel hits the demonic crawler with a +0 antimagic quick blade!
Daniel hits the demonic crawler with a +0 antimagic quick blade!
Daniel hits the demonic crawler but does no damage.
The demonic crawler hits Daniel. x2
The demonic crawler hits Daniel but does no damage.
Daniel hits the demonic crawler with a +0 antimagic quick blade! x2
The demonic crawler barely misses Daniel.
The demonic crawler hits Daniel. x2
Daniel hits the demonic crawler with a +0 antimagic quick blade!
Daniel barely misses the demonic crawler. 😕 HP[+1] Daniel casts a spell.
The demonic crawler appears confused.
The demonic crawler hits Daniel!
The demonic crawler hits Daniel. x2
Daniel hits the demonic crawler with a +0 antimagic quick blade.
Daniel hits the demonic crawler with a +0 antimagic quick blade!
Daniel hits the demonic crawler with a +0 antimagic quick blade!
The demonic crawler dies! 😎 HP[+1]
Your hp is fully restored (216).
Aiming: Dig
Press: ? - help, Shift-Dir - straight line A rock wall.
This square is covered in magical glow.
The rock shatters into small pieces.
There is a stone staircase leading up here.
You climb upwards.
There is a stone staircase leading down here.
What level of the Dungeon? (default 1, ? - help) Daniel is no longer moving quickly.
There is a stone staircase leading up here.
You climb upwards.
There is a stone staircase leading down here.
You swap places.
There is a large open door here.
There is a staircase leading out of the dungeon here.
You have escaped!

Skill      XL: |  1  2  3  4  5  6  7  8  9 10 11 12 13 14 15 16 17 18 19 20 21 22 23 24 25 26 27 |
---------------+----------------------------------------------------------------------------------+-----
Summonings     | 5 6 7 8 10 12 13 17 19 20 22 23 26 27 | 27.0
Spellcasting   | 3 7 8 10 13 14 | 14.0
Hexes          | 2 3 7 |  7.0
Dodging        | 5 8 10 13 14 15 18 21 22 27 | 27.0
Fighting       | 3 6 8 10 12 13 14 15 16 17 18 19 22 24 | 24.6
Long Blades    | 5 8 10 14 16 | 16.0
Air Magic      | 2 4 6 |  6.0
Shields        | 3 6 8 |  8.0
Invocations    | 6 |  6.0
Transmutations | 2 6 8 |  8.0
Evocations     | 4 |  4.0
Armour         | 5 6 9 11 | 11.7
Translocations | 4 |  4.0
Stealth        | |  2.1

Action                     |  1- 3 |  4- 6 |  7- 9 | 10-12 | 13-15 | 16-18 | 19-21 | 22-24 | 25-27 || total
---------------------------+-------+-------+-------+-------+-------+-------+-------+-------+-------++-------
  Melee: Dagger            |     9 |       |       |       |       |       |       |       |       ||     9
         Unarmed           |     7 |       |       |       |       |       |       |       |       ||     7
         Spear             |    35 |    57 |    71 |       |       |       |       |       |       ||   163
         Long sword        |       |       |    27 |   152 |    68 |       |       |       |       ||   247
         Punch             |       |       |       |     1 |       |       |       |       |       ||     1
         Scimitar          |       |       |       |       |   566 |   310 |       |       |       ||   876
         Tailslap          |       |       |       |       |     1 |    27 |     8 |       |       ||    36
         Demon blade       |       |       |       |       |       |   713 |   912 |   955 |   513 ||  3093
   Cast: Summon Small Mamm |    14 |     3 |     4 |     1 |       |       |       |       |       ||    22
         Call Imp          |    15 |     9 |     8 |    12 |     5 |       |       |       |       ||    49
         Call Canine Famil |       |    16 |    20 |    35 |    69 |    40 |    11 |       |       ||   191
         Summon Guardian G |       |     4 |    20 |    56 |    66 |    13 |     2 |       |       ||   161
         Summon Lightning  |       |       |       |     8 |    77 |    55 |    19 |       |       ||   159
         Wereblood         |       |       |       |       |     6 |    15 |    14 |    20 |     5 ||    60
         Summon Forest     |       |       |       |       |       |       |    26 |    15 |     1 ||    42
         Summon Hydra      |       |       |       |       |       |       |    59 |   121 |    14 ||   194
         Summon Mana Viper |       |       |       |       |       |       |     4 |    14 |       ||    18
         Dragon's Call     |       |       |       |       |       |       |       |    11 |    29 ||    40
         Malign Gateway    |       |       |       |       |       |       |       |       |    14 ||    14
 Invoke: Recall Ancestor   |       |       |     5 |     4 |    14 |    12 |     5 |     6 |     4 ||    50
         Ancestor Life: He |       |       |     1 |       |       |       |       |       |       ||     1
         Ancestor Identity |       |       |     1 |       |       |       |       |       |       ||     1
         Idealise          |       |       |       |       |     1 |     4 |     5 |     4 |     1 ||    15
  Evoke: Wand              |       |       |     7 |     8 |    10 |     4 |     3 |     5 |     1 ||    38
         Condenser vane    |       |       |       |       |       |     2 |     1 |     2 |     2 ||     7
         Sack of spiders   |       |       |       |       |       |     2 |       |     2 |     2 ||     6
         Lightning rod     |       |       |       |       |       |     4 |       |       |       ||     4
         Phantom mirror    |       |       |       |       |       |     2 |       |     1 |     1 ||     4
    Use: Potion            |     1 |       |       |       |     4 |     5 |     2 |     4 |    17 ||    33
         Scroll            |       |     1 |     3 |    12 |    18 |    19 |     5 |     7 |    13 ||    78
   Stab: Sleeping          |     2 |    10 |     2 |       |     1 |     4 |     6 |     5 |       ||    30
         Distracted        |       |       |     2 |     6 |    16 |    30 |    28 |    22 |    24 ||   128
         Confused          |       |       |     1 |     7 |    20 |    20 |    60 |    40 |    27 ||   175
         Paralysed         |       |       |       |       |    35 |    68 |    87 |    68 |    25 ||   283
         Invisible         |       |       |       |       |       |     7 |       |       |       ||     7
 Armour: Robe              |    35 |    27 |     7 |       |       |       |       |       |       ||    69
         Leather armour    |       |       |    63 |     9 |   131 |   163 |   131 |   267 |    69 ||   833
         Steam dragon scal |       |       |       |    51 |     1 |       |       |       |       ||    52
         Ring mail         |       |       |       |       |       |       |     2 |       |       ||     2
         Quicksilver drago |       |       |       |       |       |       |       |       |   148 ||   148
  Dodge: Dodged            |    41 |    42 |    96 |   150 |   299 |   441 |   439 |   511 |   275 ||  2294
         Repelled          |       |       |       |       |       |       |     5 |       |       ||     5
  Block: Buckler           |       |       |       |    61 |   452 |   730 |   553 |   365 |   207 ||  2368
         Reflection        |       |       |       |       |    32 |    94 |    49 |       |       ||   175

Levels and vault maps discovered:
D:1:      lightli_arrival_noodles, layout_rooms, due_unseen_surprise
D:2:      layout_loops_ring, hellmonk_ecumenical_altar_heavens_door, basic_altar
D:3:      layout_loops_ring, overflow_temple_1_default,
          nzn_hepliaklqana_mist_gate, uniq_ijyb, uniq_jessica
D:4:      nicolae_cairo_tiling_large, layout_basic,
          nzn_overflow_gifts_of_might_and_magic, grunt_ministairs_9, uniq_robin,
          uniq_blork_the_orc
D:5:      old_forge, layout_cave_pools, grunt_gozag_breadcrumbs,
          minmay_temple_entry_statues_pillars, small_statue_intersection
D:6:      nicolae_whirlpool, layout_cave_pools, zin_scriptorium, serial_shops,
          nicolae_diamond_shop, nicolae_shop_gadgets
D:7:      layout_rooms, tso_altar, gammafunk_ghost_arena, minmay_hedge_maze
D:8:      minmay_the_grid_triangle_9x9_rhombus_full
          [minmay_the_grid_triangle_9x9_fully_insulated_deathbox,
          minmay_the_grid_triangle_9x9_sparse_checkered,
          minmay_the_grid_triangle_9x9_flanged_cone,
          minmay_the_grid_triangle_9x9_descending_squares,
          minmay_the_grid_triangle_9x9_alien,
          minmay_the_grid_triangle_9x9_stretched_checkered,
          minmay_the_grid_triangle_9x9_negative_grid,
          minmay_the_grid_triangle_9x9_prize_top_heavy], layout_layer_cave,
          nicolae_elyvilon_temple_path, roderic_lattice_a
D:9:      layout_stronghold, nicolae_overflow_crystal_walls, uniq_joseph
D:10:     nzn_winding_woodlands_stair_cross
          [nzn_winding_woodlands_5x15_concentric,
          nzn_winding_woodlands_center_garden,
          nzn_winding_woodlands_5x15_parted, nzn_winding_woodlands_5x5_three,
          nzn_winding_woodlands_5x5_perimeter,
          nzn_winding_woodlands_5x15_zeroes,
          nzn_winding_woodlands_center_triple_pond,
          nzn_winding_woodlands_5x15_longhouse], layout_cave_pools,
          nicolae_yredelemnul_ghost_church, special_room [special_room_bee],
          nicolae_shop_distant_corner_stores
D:11:     layout_long_grid, portal_ice_cave_rime, guppyfry_shop_earth
D:12:     layout_stronghold, orc_david_3
D:13:     layout_gridville, erik_vaults_1, uniq_lodul
D:14:     layout_cave_pools, serial_bayou, serial_bayou_shore_a,
          serial_bayou_pond_c, serial_bayou_pond_e, serial_bayou_shore_b
D:15:     grunt_enter_depths_hoard, layout_gridville,
          minmay_misc_feat_secret_circle
Lair:1:   layout_roguey, st_stairs_9, uniq_amaemon
Lair:2:   layout_regular_city, minmay_shoals_entry_lonely_mermaid,
          nicolae_snake_entry_squirm
Lair:3:   layout_concentric_octagons, cheibrodos_lair_lostbears, uniq_josephine
Lair:4:   layout_small_grid, gammafunk_ghost_wrathful_warriors
Lair:5:   minmay_lair_end_frog_pond, layout_regular_city, slime_entry_2,
          gauntlet_entry_generic, infiniplex_staircase_pool, lemuel_fruit_tree
Shoals:1: layout_shoals, ebering_ghost_xom, serial_shops,
          nicolae_shop_pleasant_corner_grove
Shoals:2: layout_shoals, uniq_polyphemus
Shoals:3: layout_shoals, ebering_ghost_gozag
Shoals:4: shoals_end_hellmonk_lost_city
Snake:1:  layout_onion, corexii_hall_statues_t
Snake:2:  nicolae_snake_crotalidae_crossing, layout_rooms
Snake:3:  layout_chambers, serial_shops, shop, grunt_megastairs_1, uniq_aizul
Snake:4:  grunt_snake_rune_pools, layout_rooms, special_room, lightli_airlock
Slime:1:  nicolae_slime_infinislime, layout_caves,
          cheibrodos_slime_lost_civilization_7
Slime:2:  cheibrodos_slime_lost_civilization_1, layout_caves, uniq_dissolution
Slime:3:  layout_caves
Slime:4:  layout_caves
Slime:5:  slime_pit_nicolae_block_by_block
Orc:1:    layout_caves
Orc:2:    st_orc_town, layout_diamond_mine, minmay_shop_mass, uniq_azrael
Elf:1:    nicolae_elf_arrival_no_cutting_in_line, layout_loops_corners,
          hangedman_elven_crosses_minicolossus
Elf:2:    nicolae_elf_blades_crystal_corner, layout_rooms,
          nicolae_elf_deep_mausoleum, uniq_agnes
Elf:3:    grunt_elf_hall_asides, layout_gridlike, minivault_11
Vaults:1: nicolae_vaults_trapezoid_lopsided_2,
          nicolae_vaults_offset_grid_hallway_4, nicolae_vaults_tetromino_T_2,
          nicolae_vaults_stand_back, hangedman_vaults_nails,
          nicolae_vaults_diamond_2, nicolae_vaults_little_squares_6,
          nicolae_vaults_apartment_2, vaults_room_door_hall,
          nicolae_vaults_stepped_doors, nicolae_vaults_taking_the_gang_shopping,
          nicolae_vaults_trapezoid_3, nicolae_vaults_alarming,
          layout_vaults_omnibox, serial_shops, shop, shop, shop, uniq_norris,
          uniq_asterion
Vaults:2: mu_enter_wizlab_4, hangedman_vaults_corner,
          minmay_crypt_entry_simple_statues, grunt_vaults_swirl,
          nicolae_vaults_closet_pinwheel_4, v_misc_27, special_room_vaults
          [special_room_orc], nicolae_vaults_layer_cake_slice,
          hangedman_vaults_pinch, nicolae_vaults_tetromino_Z_2,
          nicolae_vaults_storage_closets_1, nicolae_vaults_storage_room_statues,
          nicolae_vaults_two_Ls, layout_vaults_maze_bifur
Vaults:3: hangedman_vaults_stagger, v_misc_2, nicolae_vaults_theta,
          vaults_mumra_hexcomb, v_misc_18, vaults_dpeg_diagonal,
          v_alt_pattern_5, dpeg_vaults_monster_box, st_lattice,
          nicolae_vaults_offset_grid_hallway_2, nicolae_vaults_tetromino_L_1,
          nicolae_vaults_tetromino_T_2, layout_vaults_ring
Vaults:4: v_misc_26, nicolae_vaults_six-pack, nicolae_vaults_theta, v_rooms_1,
          ontoclasm_vaults_twist, nicolae_vaults_house_1,
          nicolae_vaults_network_periphery, nicolae_vaults_closet_pinwheel_4,
          nicolae_vaults_disjoint_gnomons, nicolae_vaults_rhombus_7,
          vaults_mumra_lcd, layout_vaults_omnicross, serial_shops,
          nicolae_shop_real_fake_doors, nicolae_lakefront_shop
Vaults:5
Depths:1: layout_gridlike, enter_ziggurat_d, grunt_hell_entry_dis_grunt,
          fedhas_altar_2, ploomutoo_gammafunk_ghost_potion_laboratory,
          corexii_hall_statues_l, pandoras_box_mu
Depths:2: constructs_gauntlet_mu_hangedman, layout_cave_pools,
          pf_vacation_house_of_asmodeus, abyss_entry,
          chequers_serial_rivers_marsh, pan_entry, st_stairs_5,
          serial_bayou_shore_b, infiniplex_staircase_spiral_double, uniq_nikola
Depths:3: nooodl_glass_maze, layout_gridlike, pan_entry, hell_entry,
          hangedman_abyss_entry_splay, nicolae_benzene_ring
Depths:4: grunt_x_marks_the_spot, layout_gridlike, grunt_mini_vestibule,
          minmay_shoptagon
Zot:1:    layout_basic, ebering_ghost_rock_garden, uniq_parghit
Zot:2:    layout_concentric_octagons, uniq_vv
Zot:3:    grunt_twist_and_shout, layout_onion_interference, st_stairs_11,
          hangedman_zot_decor_checkerboard, lemuel_baited_zot_trap,
          regret_index_zotdec_onion_hex, nicolae_zot_crop_circle
Zot:4:    layout_misc_corridors, regret_index_zotdec_zees
Zot:5:    layout_misc_corridors, grunt_ministairs_8

Notes
Turn   | Place    | Note
-------+----------+-------------------------------------------
     0 | D:1      | MackTheKnife the Merfolk Summoner began the quest for the
                  | Orb.
     0 | D:1      | Reached XP level 1. HP: 13/13 MP: 3/3
     0 | D:1      | magus.rc [v1.9.6]
    37 | D:1      | HP: 3/13 [frozen (4)]
    45 | D:1      | HP: 3/13 [frozen (1)]
   154 | D:1      | Reached XP level 2. HP: 17/19 MP: 3/5
   210 | D:1      | Learned a level 2 spell: Call Imp
   669 | D:1      | Reached XP level 3. HP: 21/24 MP: 2/6
   891 | D:1      | Learned a level 3 spell: Call Canine Familiar
   897 | D:2      | Reached skill level 5 in Summonings
   953 | D:2      | You pick up a book of Cantrips and begin reading...
   953 | D:2      | You add the spells Necrotise and Apportation to your
                  | library.
  1143 | D:2      | Found a glowing golden altar of the Shining One.
  1157 | D:2      | Reached XP level 4. HP: 30/30 MP: 5/7
  1707 | D:2      | Found a faded altar of an unknown god.
  1783 | D:3      | Noticed Ijyb
  2076 | D:3      | Reached skill level 6 in Summonings
  2211 | D:3      | Found a hazy altar of Hepliaklqana.
  2245 | D:3      | Became a worshipper of Hepliaklqana the Forgotten
  2327 | D:3      | Noticed Jessica
  2330 | D:3      | Killed Jessica
  2331 | D:3      | Reached XP level 5. HP: 35/35 MP: 2/8
  2466 | D:3      | Found a broken altar of Ashenzari.
  2567 | D:3      | You pick up a book of Frost and begin reading...
  2567 | D:3      | You add the spells Freeze, Frozen Ramparts and Hailstorm to
                  | your library.
  2764 | D:4      | Identified the "Xithrutau"
  2764 | D:4      | Identified the "Jyepn"
  3195 | D:4      | Noticed Blork the orc
  3274 | D:4      | Noticed Robin
  3598 | D:4      | Reached XP level 6. HP: 41/41 MP: 2/10
  3602 | D:4      | Learned a level 3 spell: Summon Guardian Golem
  3750 | D:4      | Killed Robin
  3893 | D:4      | Noticed an orc warrior
  3914 | D:4      | Killed an orc warrior
  3915 | D:4      | Reached skill level 3 in Spellcasting
  3915 | D:4      | Reached skill level 7 in Summonings
  3940 | D:4      | Noticed a black bear
  3955 | D:4      | Killed a black bear
  3956 | D:4      | Reached skill level 2 in Hexes
  3956 | D:4      | Reached XP level 7. HP: 46/46 MP: 6/12
  4005 | D:4      | Found a bloodstained altar of Trog.
  4104 | D:4      | Found a shimmering blue altar of Sif Muna.
  4377 | D:4      | Reached * piety under Hepliaklqana
  4417 | D:4      | Killed Blork the orc
  4418 | D:4      | Reached skill level 3 in Hexes
  4418 | D:4      | Reached skill level 3 in Dodging
  4461 | D:5      | Entered Level 5 of the Dungeon
  4468 | D:5      | Reached skill level 1 in Fighting
  4594 | D:5      | Reached skill level 2 in Fighting
  4642 | D:5      | Found an opulent altar of Gozag.
  4655 | D:5      | Reached skill level 4 in Dodging
  4724 | D:5      | Reached skill level 3 in Fighting
  4724 | D:5      | Reached skill level 5 in Dodging
  4724 | D:5      | Reached XP level 8. HP: 33/52 MP: 5/13
  4848 | D:5      | Found a staircase to the Ecumenical Temple.
  5275 | D:5      | Reached skill level 4 in Fighting
  5275 | D:5      | Reached skill level 6 in Dodging
  5501 | D:6      | HP: 12/54 [centaur/arrow (12)]
  5743 | D:6      | Found Izeloz's Gadget Gallery.
  5743 | D:6      | Found Teresom's Jewellery Shoppe.
  5788 | D:6      | Reached skill level 5 in Fighting
  5788 | D:6      | Reached skill level 7 in Dodging
  5893 | D:6      | Bought a +6 ring of dexterity for 360 gold pieces
  5957 | D:6      | Reached skill level 6 in Fighting
  5957 | D:6      | Reached skill level 8 in Dodging
  6057 | D:6      | Reached XP level 9. HP: 62/62 MP: 11/14
  6376 | D:6      | Found a glowing silver altar of Zin.
  6726 | D:6      | Learned a level 4 spell: Summon Lightning Spire
  6776 | D:7      | You pick up a book of the Dragon and begin reading...
  6776 | D:7      | You add the spells Cause Fear, Fireball and Dragon's Call
                  | to your library.
  6802 | D:7      | Reached skill level 7 in Fighting
  6802 | D:7      | Reached skill level 1 in Long Blades
  6802 | D:7      | Reached skill level 9 in Dodging
  6885 | D:7      | Noticed a troll
  6920 | D:7      | Noticed Pi314's ghost (novice DrCj)
  6922 | D:7      | Found a transporter.
  7041 | D:7      | Found a transporter.
  7079 | D:7      | Reached ** piety under Hepliaklqana
  7080 | D:7      | Remembered your ancestor Daniel as a hexer
  7116 | D:7      | Reached skill level 2 in Long Blades
  7186 | D:7      | Noticed a troll
  7197 | D:7      | Killed a troll
  7198 | D:7      | Reached skill level 3 in Long Blades
  7376 | D:7      | Found a glowing golden altar of the Shining One.
  7698 | D:8      | Reached skill level 8 in Fighting
  7698 | D:8      | Reached skill level 4 in Long Blades
  7698 | D:8      | Reached skill level 10 in Dodging
  7833 | D:8      | Reached skill level 5 in Long Blades
  7833 | D:8      | Reached XP level 10. HP: 73/73 MP: 3/15
  7975 | D:8      | Found a staircase to the Lair.
  8431 | D:8      | Reached skill level 9 in Fighting
  8435 | D:8      | Reached skill level 6 in Long Blades
  8754 | D:8      | Found a runed translucent door.
  8754 | D:8      | Noticed an orc knight
  8755 | D:8      | Found a runed translucent door.
  8755 | D:8      | Noticed a death knight
  8756 | D:8      | Found a runed translucent door.
  8850 | D:8      | Reached *** piety under Hepliaklqana
  8956 | D:8      | Found a white marble altar of Elyvilon.
  9192 | D:9      | Noticed Joseph
  9198 | D:9      | Noticed a two-headed ogre
  9602 | D:9      | Reached skill level 1 in Air Magic
  9606 | D:9      | Reached skill level 7 in Long Blades
  9775 | D:9      | Killed a two-headed ogre
  9776 | D:9      | Reached skill level 2 in Air Magic
  9869 | D:9      | Reached skill level 10 in Fighting
  9881 | D:9      | Reached skill level 8 in Summonings
  9991 | D:9      | Reached skill level 8 in Long Blades
  9991 | D:9      | Reached XP level 11. HP: 81/81 MP: 8/16
  9994 | D:9      | Reached skill level 3 in Air Magic
 10108 | D:9      | Noticed a cyclops
 10226 | D:9      | Killed a cyclops
 10296 | D:9      | Killed Joseph
 10515 | D:9      | Found a sparkling altar of Nemelex Xobeh.
 10580 | D:9      | Reached skill level 4 in Air Magic
 10597 | D:9      | Reached skill level 9 in Long Blades
 10674 | D:9      | Reached **** piety under Hepliaklqana
 10981 | D:9      | Reached skill level 9 in Summonings
 11068 | D:10     | Entered Level 10 of the Dungeon
 11068 | D:10     | Found Ramagav's General Store.
 11068 | D:10     | Found Hoqashre's Antique Weapon Boutique.
 11068 | D:10     | Found Entott's Jewellery Boutique.
 11278 | D:10     | Bought a twisted longbow for 322 gold pieces
 11278 | D:10     | Identified the +1 longbow "Bingo" {heavy, rC- Str+4} (You
                  | bought it in a shop on level 10 of the Dungeon)
 11311 | D:10     | Found a runed translucent gate.
 11311 | D:10     | Found a runed translucent gate.
 11311 | D:10     | Found a runed translucent gate.
 11311 | D:10     | Noticed nago's ghost (journeyman MfBr)
 11314 | D:10     | Found a basalt altar of Yredelemnul.
 11350 | D:10     | Reached skill level 10 in Long Blades
 11465 | D:10     | Reached skill level 10 in Summonings
 11726 | D:10     | Identified the +7 buckler "Dithru" {rElec}
 11846 | D:10     | Reached skill level 1 in Shields
 11913 | D:10     | Reached skill level 2 in Shields
 11919 | D:10     | Noticed a two-headed ogre
 11931 | D:10     | Killed a two-headed ogre
 11932 | D:10     | Reached skill level 3 in Shields
 12002 | D:10     | Reached XP level 12. HP: 77/87 MP: 14/17
 12003 | D:10     | Noticed an ogre mage
 12004 | D:10     | Reached skill level 4 in Shields
 12019 | D:10     | Killed an ogre mage
 12020 | D:10     | Reached skill level 5 in Shields
 12154 | D:10     | Reached skill level 6 in Shields
 12179 | D:10     | Noticed a two-headed ogre
 12199 | D:10     | Killed a two-headed ogre
 12281 | D:10     | Reached skill level 11 in Dodging
 12352 | D:10     | Noticed a two-headed ogre
 12370 | D:10     | Killed a two-headed ogre
 12399 | D:10     | Reached skill level 11 in Fighting
 12764 | D:10     | You pick up a book of Blood and begin reading...
 12764 | D:10     | You add the spells Sublimation of Blood, Wereblood and
                  | Summon Hydra to your library.
 12915 | D:10     | Noticed a two-headed ogre
 12921 | D:10     | Killed a two-headed ogre
 12922 | D:10     | Reached skill level 12 in Dodging
 13313 | D:11     | Reached skill level 12 in Fighting
 13322 | D:11     | Reached skill level 13 in Dodging
 13336 | D:11     | Found Hotux's Pet Rocks.
 13535 | D:11     | Reached XP level 13. HP: 97/97 MP: 13/18
 13536 | D:11     | Found a frozen archway.
 13542 | IceCv    | Entered an ice cave
 13876 | IceCv    | Reached skill level 1 in Invocations
 14251 | IceCv    | Reached skill level 2 in Invocations
 14410 | IceCv    | Reached skill level 14 in Dodging
 14493 | IceCv    | Reached skill level 3 in Invocations
 14664 | IceCv    | Reached skill level 4 in Invocations
 14919 | IceCv    | Reached skill level 5 in Invocations
 14969 | IceCv    | You pick up a book of the Tundra and begin reading...
 14969 | IceCv    | You add the spells Summon Ice Beast and Simulacrum to your
                  | library.
 15491 | D:11     | Reached skill level 6 in Invocations
 15712 | D:11     | Bought a wand of digging (4) for 235 gold pieces
 16503 | Lair:1   | Entered Level 1 of the Lair of Beasts
 16632 | Lair:1   | Reached skill level 11 in Long Blades
 16716 | Lair:1   | Noticed Amaemon
 16727 | Lair:1   | Killed Amaemon
 16904 | Lair:1   | Reached ***** piety under Hepliaklqana
 16927 | Lair:1   | Reached skill level 12 in Long Blades
 17464 | Lair:1   | magus.rc [v1.9.6]
 17576 | Lair:2   | You pick up a book of Decay and begin reading...
 17576 | Lair:2   | You add the spells Cigotuvi's Dreadful Rot, Dispel Undead
                  | and Death Channel to your library.
 17621 | Lair:2   | Reached skill level 13 in Long Blades
 17828 | Lair:2   | Found a staircase to the Shoals.
 18091 | Lair:2   | Identified 2 scrolls of acquirement
 18091 | Lair:2   | Identified the "Vapetucw" (You acquired it on level 2 of
                  | the Lair of Beasts)
 18091 | Lair:2   | Acquired 1184 gold pieces
 18093 | Lair:2   | Acquired an amulet of Wapudorr {Reflect Str-4 Dex+6 SH+5}
 18135 | Lair:2   | Reached skill level 14 in Long Blades
 18394 | Lair:2   | Found a staircase to the Snake Pit.
 18434 | Lair:2   | Reached XP level 14. HP: 103/103 MP: 11/19
 18652 | Lair:3   | Reached skill level 4 in Spellcasting
 19129 | Lair:3   | Noticed Josephine
 19141 | Lair:3   | Killed Josephine
 19447 | Lair:4   | Reached skill level 5 in Air Magic
 19541 | Lair:4   | Found a transporter.
 19546 | Lair:4   | Found a bloodstained altar of Trog.
 19550 | Lair:4   | Noticed Zenatt's ghost (journeyman TrFi)
 19555 | Lair:4   | Found a transporter.
 19579 | Lair:4   | Reached skill level 5 in Spellcasting
 19888 | Lair:4   | You fall into a shaft and drop 1 floor!
 19888 | Lair:5   | Entered Level 5 of the Lair of Beasts
 19893 | Lair:5   | Found a runed translucent door.
 19893 | Lair:5   | Found a viscous altar of Jiyva.
 19906 | Lair:5   | Reached skill level 11 in Summonings
 19910 | Lair:5   | Found a staircase to the Slime Pits.
 19956 | Lair:5   | Reached skill level 6 in Spellcasting
 19962 | Lair:5   | Found a gate leading to a gauntlet.
 19979 | Gauntlet | Entered a Gauntlet
 19979 | Gauntlet | Found a transporter.
 19979 | Gauntlet | Found a transporter.
 19979 | Gauntlet | Found a transporter.
 20066 | Gauntlet | Found a transporter.
 20067 | Gauntlet | Found a transporter.
 20068 | Gauntlet | Noticed a reaper
 20076 | Gauntlet | Found a transporter.
 20076 | Gauntlet | Found a transporter.
 20091 | Gauntlet | Found a transporter.
 20098 | Gauntlet | Found a transporter.
 20116 | Gauntlet | Found a transporter.
 20119 | Gauntlet | Found a large runed translucent door.
 20120 | Gauntlet | Found a large runed translucent door.
 20121 | Gauntlet | Found a large runed translucent door.
 20122 | Gauntlet | Found a runed translucent gate.
 20123 | Gauntlet | Found a transporter.
 20123 | Gauntlet | Found a runed translucent gate.
 20124 | Gauntlet | Found a runed translucent gate.
 20125 | Gauntlet | Found a large runed translucent door.
 20126 | Gauntlet | Found a large runed translucent door.
 20127 | Gauntlet | Found a large runed translucent door.
 20134 | Gauntlet | Found a large runed translucent door.
 20134 | Gauntlet | Found a large runed translucent door.
 20136 | Gauntlet | Found a large runed translucent door.
 20136 | Gauntlet | Found a large runed translucent door.
 20136 | Gauntlet | Found a runed translucent door.
 20136 | Gauntlet | Found a runed translucent door.
 20137 | Gauntlet | Found a large runed translucent door.
 20138 | Gauntlet | Found a large runed translucent door.
 20140 | Gauntlet | Found a transporter.
 20231 | Gauntlet | Found a large runed translucent door.
 20232 | Gauntlet | Found a large runed translucent door.
 20233 | Gauntlet | Found a large runed translucent door.
 20233 | Gauntlet | Found a large runed translucent door.
 20385 | Gauntlet | Identified the ring "Kyisch" {rElec rF++ rCorr Str-5}
 20391 | Gauntlet | Gained mutation: You are somewhat resistant to further
                  | mutation. [a shining eye]
 20564 | Gauntlet | Killed a reaper
 20565 | Gauntlet | Reached skill level 6 in Air Magic
 20646 | Gauntlet | Identified the +0 helmet "Suar" {rElec Str+3}
 20995 | Lair:5   | Reached ****** piety under Hepliaklqana
 21161 | Lair:4   | Reached skill level 7 in Spellcasting
 21725 | Lair:5   | Reached skill level 12 in Summonings
 21737 | Lair:5   | Learned a level 2 spell: Wereblood
 21767 | Lair:5   | Reached skill level 1 in Transmutations
 21816 | Lair:5   | Reached skill level 2 in Transmutations
 21830 | Lair:5   | Reached XP level 15. HP: 108/108 MP: 20/26
 21887 | Lair:5   | Reached skill level 3 in Transmutations
 21963 | Lair:5   | Reached skill level 4 in Transmutations
 21964 | Lair:5   | Reached skill level 8 in Spellcasting
 22014 | Lair:5   | Reached skill level 5 in Transmutations
 22197 | Lair:5   | Reached skill level 6 in Transmutations
 22204 | Lair:5   | Reached skill level 1 in Evocations
 22396 | Lair:5   | You add the spells Ignite Poison and Freezing Cloud to your
                  | library.
 22848 | D:12     | Found a staircase to the Orcish Mines.
 22913 | D:12     | Reached skill level 2 in Evocations
 22940 | D:12     | Reached skill level 3 in Evocations
 23263 | D:12     | Reached skill level 4 in Evocations
 23839 | Orc:1    | Entered Level 1 of the Orcish Mines
 24154 | Orc:2    | Entered Level 2 of the Orcish Mines
 24248 | Orc:2    | Found a staircase to the Elven Halls.
 24276 | Orc:2    | Found Piujoj's Mass Market.
 24293 | Orc:2    | Noticed Azrael
 24573 | Orc:2    | Killed Azrael
 24587 | Orc:2    | Paralysed by an orc sorcerer for 4 turns
 24710 | Orc:2    | Paralysed by an orc sorcerer for 3 turns
 25661 | Orc:2    | Reached skill level 7 in Shields
 26091 | Orc:2    | Found Weor's Magic Scroll Shoppe.
 26091 | Orc:2    | Found Voodis's Distillery.
 26131 | Orc:2    | Bought a scroll of blinking for 127 gold pieces
 26142 | Orc:2    | Bought a potion of heal wounds for 60 gold pieces
 26142 | Orc:2    | Bought a potion of heal wounds for 60 gold pieces
 26142 | Orc:2    | Bought a potion of mutation for 96 gold pieces
 26185 | Orc:2    | Found Buban's Jewellery Boutique.
 26185 | Orc:2    | Found Gamis's Jewellery Shoppe.
 26210 | Orc:2    | Bought a ring of poison resistance for 280 gold pieces
 26387 | D:6      | Bought a phantom mirror for 560 gold pieces
 26387 | D:6      | Bought a sack of spiders for 560 gold pieces
 26387 | D:6      | Bought a condenser vane for 560 gold pieces
 26853 | D:13     | You pick up a book of Flames and begin reading...
 26853 | D:13     | You add the spells Inner Flame, Sticky Flame and Flame Wave
                  | to your library.
 26885 | D:13     | Reached skill level 15 in Dodging
 26943 | D:13     | Reached skill level 13 in Fighting
 27041 | D:13     | Found a gate to the Vaults.
 27120 | D:13     | Noticed Lodul
 27131 | D:13     | Killed Lodul
 27352 | D:13     | Reached skill level 8 in Shields
 28025 | D:14     | Reached XP level 16. HP: 112/117 MP: 28/28
 28439 | D:14     | You fall into a shaft and drop 1 floor!
 28439 | D:15     | Entered Level 15 of the Dungeon
 28785 | D:15     | Reached skill level 16 in Dodging
 28915 | D:15     | Found a staircase to the Depths.
 29775 | Snake:1  | Entered Level 1 of the Snake Pit
 29918 | Snake:1  | Reached skill level 14 in Fighting
 29918 | Snake:1  | Reached skill level 1 in Armour
 30236 | Snake:1  | Identified the staff "Wanygeeph" {rF+ rN+ Necro}
 30259 | Snake:1  | Reached skill level 2 in Armour
 30790 | Snake:2  | Reached skill level 3 in Armour
 30794 | Snake:2  | Reached skill level 17 in Dodging
 30944 | Snake:2  | Noticed a nagaraja
 30953 | Snake:2  | Killed a nagaraja
 31178 | Snake:2  | Reached skill level 4 in Armour
 31661 | Snake:2  | Reached skill level 18 in Dodging
 31664 | Snake:2  | Reached skill level 5 in Armour
 32601 | D:8      | You pick up a book of Touch and begin reading...
 32601 | D:8      | You add the spells Kiss of Death and Confusing Touch to
                  | your library.
 32629 | D:8      | Reached XP level 17. HP: 125/125 MP: 29/29
 32650 | D:8      | Acquired a +3 demon blade of pain
 32714 | D:8      | Reached skill level 6 in Armour
 33352 | Lair:4   | Killed Zenatt's ghost
 33729 | D:7      | Killed Pi314's ghost
 33967 | D:10     | Killed nago's ghost
 34183 | Snake:3  | Reached skill level 19 in Dodging
 34193 | Snake:3  | You add the spells Ozocubu's Armour and Ozocubu's
                  | Refrigeration to your library.
 34376 | Snake:3  | Identified the serpent talisman "Xan Qeseoha" {rF+}
 34376 | Snake:3  | Noticed Aizul
 34391 | Snake:3  | Killed Aizul
 34762 | Snake:3  | Reached skill level 20 in Dodging
 35672 | Snake:3  | Reached skill level 21 in Dodging
 35696 | Snake:3  | Found Nifroash's Magic Scroll Shop.
 35718 | Snake:3  | Bought a scroll of enchant weapon for 135 gold pieces
 35718 | Snake:3  | Bought a scroll of enchant armour for 135 gold pieces
 35718 | Snake:3  | Bought a scroll of fog for 72 gold pieces
 35718 | Snake:3  | Bought a scroll of identify for 36 gold pieces
 35723 | Snake:3  | Bought a scroll of revelation for 135 gold pieces
 35723 | Snake:3  | Bought a scroll of revelation for 135 gold pieces
 36161 | Snake:4  | Entered Level 4 of the Snake Pit
 36211 | Snake:4  | You pick up a book of Winter and begin reading...
 36375 | Snake:4  | You pick up a book of the Dragon and begin reading...
 36411 | Snake:4  | Reached skill level 15 in Fighting
 36722 | Snake:4  | Reached XP level 18. HP: 135/135 MP: 30/30
 36825 | Snake:4  | Reached skill level 16 in Fighting
 36997 | Snake:4  | Reached skill level 15 in Long Blades
 37314 | Snake:4  | Got a serpentine rune of Zot
 37412 | Snake:4  | Found a runed translucent door.
 37509 | Snake:4  | Reached skill level 16 in Long Blades
 37923 | Lair:2   | Learned a level 7 spell: Summon Hydra
 37990 | Shoals:1 | Entered Level 1 of the Shoals
 37999 | Shoals:1 | Found a runed translucent door.
 38000 | Shoals:1 | Found a shimmering altar of Xom.
 38000 | Shoals:1 | Noticed Takeo's ghost (adept TeBe)
 38119 | Shoals:1 | Found Itwipraipi's Assorted Antiques.
 38122 | Shoals:1 | You pick up a book of Scorching and begin reading...
 38122 | Shoals:1 | You add the spells Scorch and Summon Cactus Giant to your
                  | library.
 38271 | Shoals:1 | You pick up a book of Spatial Translocations and begin
                  | reading...
 38271 | Shoals:1 | You add the spells Blink and Momentum Strike to your
                  | library.
 39099 | Shoals:1 | magus.rc [v1.9.6]
 39412 | Shoals:2 | Reached skill level 9 in Spellcasting
 39918 | Shoals:2 | Noticed Polyphemus
 39928 | Shoals:2 | Killed Polyphemus
 40084 | Shoals:3 | Identified the "Neweytoa"
 40166 | Shoals:3 | Found a runed translucent gate.
 40166 | Shoals:3 | Found a runed translucent gate.
 40166 | Shoals:3 | Found a runed translucent gate.
 40167 | Shoals:3 | Found an opulent altar of Gozag.
 40168 | Shoals:3 | Found Enaellur's Assorted Antiques.
 40168 | Shoals:3 | Noticed Wusuin's ghost (adept MiBe)
 40284 | Shoals:3 | Reached skill level 13 in Summonings
 40871 | Shoals:3 | Killed Wusuin's ghost
 40883 | Shoals:3 | Reached skill level 10 in Spellcasting
 41062 | Shoals:3 | Bought a scintillating ruby amulet for 170 gold pieces
 41062 | Shoals:3 | Identified the amulet "Biutzuv" {RegenMP rPois rC+ Int+5}
                  | (You bought it in a shop on level 3 of the Shoals)
 41135 | Shoals:4 | Entered Level 4 of the Shoals
 41420 | Shoals:4 | Reached XP level 19. HP: 138/141 MP: 33/33
 41501 | Shoals:4 | Identified the +3 sling of Execution {drain, rN+ Str+4
                  | Dex-4}
 41521 | Shoals:4 | Reached skill level 14 in Summonings
 41526 | Shoals:4 | Identified the "Acirot" (You acquired it on level 4 of the
                  | Shoals)
 41526 | Shoals:4 | Acquired Asmodeus's Elucidation of the Comitatus
 41527 | Shoals:4 | You add the spells Summon Mana Viper, Summon Forest and
                  | Spellforged Servitor to your library.
 41552 | Shoals:4 | Learned a level 5 spell: Summon Forest
 41590 | Shoals:4 | Reached skill level 1 in Translocations
 41617 | Shoals:4 | Paralysed by a sphinx for 3 turns
 41632 | Shoals:4 | Reached skill level 2 in Translocations
 41775 | Shoals:4 | Got a barnacled rune of Zot
 41809 | Shoals:4 | Reached skill level 3 in Translocations
 42520 | Vaults:1 | Entered Level 1 of the Vaults
 42532 | Vaults:1 | Reached skill level 4 in Translocations
 42611 | Vaults:1 | Noticed Asterion
 42617 | Vaults:1 | Killed Asterion
 42618 | Vaults:1 | Reached skill level 15 in Summonings
 43081 | Vaults:1 | Noticed Norris
 43097 | Vaults:1 | Killed Norris
 43109 | Vaults:1 | Reached skill level 16 in Summonings
 43770 | Vaults:1 | Found Iclapp's Weapon Shop.
 43792 | Vaults:1 | Reached skill level 17 in Summonings
 43896 | Vaults:1 | Reached XP level 20. HP: 147/147 MP: 31/34
 43915 | Vaults:1 | Found Gaseyx's Antique Weapon Emporium.
 43919 | Vaults:1 | Found Cuklopso's Antique Armour Shop.
 44039 | Vaults:1 | Found Durchexu's Weapon Emporium.
 44044 | Vaults:1 | You pick up a book of Weapons and begin reading...
 44044 | Vaults:1 | You add the spells Tukima's Dance, Dimensional Bullseye and
                  | Iskenderun's Mystic Blast to your library.
 44193 | Vaults:2 | You pick up a book of Party Tricks and begin reading...
 44193 | Vaults:2 | You add the spells Jinxbite and Alistair's Intoxication to
                  | your library.
 44299 | Vaults:2 | Found a staircase to the Crypt.
 44318 | Vaults:2 | Reached skill level 18 in Summonings
 44367 | Vaults:2 | Found a magical portal.
 44378 | WizLab   | Entered Maxwell's Workshop
 44410 | WizLab   | Learned a level 5 spell: Summon Mana Viper
 44532 | WizLab   | Identified the ring of Xastriokkuit {Fire rPois rN+ Will+
                  | Stlth+}
 44702 | WizLab   | Identified the ring of Okkotwus {Fire rElec Str+2 Int+5}
 45049 | WizLab   | Reached skill level 19 in Summonings
 45250 | WizLab   | Noticed an electric golem
 45266 | WizLab   | Killed an electric golem
 45353 | WizLab   | Identified the ring of the Present {Ice Contam MP+9 Dex+3}
 45356 | WizLab   | Identified the ring "Agreph" {Fire Will+}
 45826 | Vaults:2 | You pick up a book of Flames and begin reading...
 46632 | Vaults:2 | Reached skill level 22 in Dodging
 46911 | Vaults:3 | Reached XP level 21. HP: 123/153 MP: 6/35
 46920 | Vaults:3 | Reached skill level 23 in Dodging
 46935 | Vaults:3 | Reached skill level 20 in Summonings
 47618 | Vaults:3 | Reached skill level 24 in Dodging
 47975 | Vaults:3 | You pick up a book of Dangerous Friends and begin
                  | reading...
 48297 | Vaults:3 | Reached skill level 25 in Dodging
 48750 | Vaults:4 | Found Jiso's Antique Weapon Emporium.
 48877 | Vaults:4 | Reached skill level 26 in Dodging
 49902 | Vaults:4 | Reached skill level 27 in Dodging
 50163 | Vaults:4 | Acquired the +0 cloak "Weepnios" {rF+ SInv}
 50191 | Vaults:4 | Found Vycapaxt's Jewellery Emporium.
 50987 | Vaults:4 | magus.rc [v1.9.6]
 51096 | Vaults:4 | Learned a level 9 spell: Dragon's Call
 51249 | Vaults:5 | Identified the of Jimut
 51249 | Vaults:5 | Identified the "Xaipsam"
 51249 | Vaults:5 | Identified the "Asseys Vowi"
 51249 | Depths:2 | Identified the of Recotoups
 51249 | Elf:1    | Entered Level 1 of the Elven Halls
 51272 | Elf:1    | Reached skill level 17 in Fighting
 51492 | Elf:1    | Reached XP level 22. HP: 155/163 MP: 36/36
 51590 | Elf:1    | You pick up a book of Lightning and begin reading...
 51590 | Elf:1    | You add the spells Vhi's Electric Charge, Arcjolt and
                  | Plasma Beam to your library.
 52694 | Elf:1    | Reached skill level 18 in Fighting
 52802 | Elf:2    | Noticed Agnes
 52806 | Elf:2    | Killed Agnes
 52865 | Elf:2    | You add the spells Passage of Golubria and Yara's Violent
                  | Unravelling to your library.
 52878 | Elf:2    | You pick up a book of Ice and begin reading...
 53078 | Elf:2    | You pick up a book of Cantrips and begin reading...
 53296 | Elf:2    | Noticed a curse skull
 53384 | Elf:2    | Noticed a curse skull
 53660 | Elf:2    | Found a runed translucent gate.
 53661 | Elf:2    | Found a runed translucent gate.
 53661 | Elf:2    | Found a runed translucent gate.
 53785 | Elf:2    | HP: 32/165 [??? (24)]
 54154 | Elf:3    | Identified the "Piqu"
 54154 | Elf:3    | Identified the of Nagh
 54154 | Elf:3    | Entered Level 3 of the Elven Halls
 54590 | Elf:3    | Reached skill level 21 in Summonings
 55553 | Elf:3    | You pick up a book of Unlife and begin reading...
 55553 | Elf:3    | You add the spells Animate Dead and Borgnjor's Vile Clutch
                  | to your library.
 55556 | Elf:3    | Identified the +0 pair of boots of the Summoning Gods
                  | {Rampage Int+2}
 55564 | Elf:3    | You pick up a book of Flames and begin reading...
 55579 | Elf:3    | You pick up a book of Spatial Translocations and begin
                  | reading...
 55581 | Elf:3    | Identified the +0 flail of Revolt {heavy, Fly Will- rCorr}
 55593 | Elf:3    | You pick up a book of Displacement and begin reading...
 55593 | Elf:3    | You add the spells Gell's Gravitas and Teleport Other to
                  | your library.
 55595 | Elf:3    | Identified the +6 longbow of Sunuokakk {freeze, rPois rC+}
 55720 | Elf:3    | Reached skill level 22 in Summonings
 56105 | Depths:1 | Entered Level 1 of the Depths
 56114 | Depths:1 | Found a blossoming altar of Fedhas.
 56390 | Depths:1 | Found a gateway to Hell.
 56440 | Depths:1 | Found a runed translucent gate.
 56467 | Depths:1 | Found a runed translucent gate.
 56470 | Depths:1 | Found a runed translucent gate.
 56504 | Depths:1 | Reached XP level 23. HP: 171/171 MP: 37/37
 57276 | Depths:1 | Found a runed translucent gate.
 57276 | Depths:1 | Found a runed translucent gate.
 57277 | Depths:1 | Found a runed translucent gate.
 57293 | Depths:1 | Found a one-way gateway to a ziggurat.
 57533 | Depths:1 | Reached skill level 11 in Spellcasting
 57955 | Depths:1 | Found a runed translucent gate.
 57955 | Depths:1 | Found a runed translucent gate.
 57962 | Depths:1 | Found a runed translucent gate.
 57962 | Depths:1 | Noticed Boysiah's ghost (adept DECA)
 58105 | Depths:1 | Killed Boysiah's ghost
 58134 | Depths:1 | Identified the +0 cloak "Taacyw" {*Corrode rF- Will+++
                  | SInv}
 58163 | Depths:1 | Gained mutation: Your flesh is cold resistant. (rC+)
                  | [mutagenic glow]
 58469 | Depths:2 | Noticed Nikola
 58481 | Depths:2 | Killed Nikola
 58492 | Depths:2 | Reached skill level 23 in Summonings
 58785 | Depths:2 | Reached skill level 12 in Spellcasting
 59061 | Depths:2 | You fall into a shaft and drop 2 floors!
 59061 | Depths:4 | Entered Level 4 of the Depths
 59298 | Depths:3 | You pick up a book of Misfortune and begin reading...
 59935 | Depths:3 | Reached skill level 13 in Spellcasting
 60052 | Depths:3 | Found a one-way gate leading to the halls of Pandemonium.
 60332 | Depths:3 | You pick up a book of the Warp and begin reading...
 60332 | Depths:3 | You add the spells Manifold Assault, Dispersal and
                  | Disjunction to your library.
 60703 | Depths:3 | Found a one-way gate to the infinite horrors of the Abyss.
 61244 | Depths:2 | Reached XP level 24. HP: 170/177 MP: 40/40
 62215 | Depths:2 | Paralysed by an air elemental for 1 turns
 62223 | Depths:2 | Paralysed by an air elemental for 1 turns
 62872 | Depths:2 | Noticed an ancient lich
 62877 | Depths:2 | Killed an ancient lich
 62878 | Depths:2 | Reached skill level 24 in Summonings
 62998 | Depths:2 | You pick up a book of Unlife and begin reading...
 63000 | Depths:2 | You pick up a book of Cantrips and begin reading...
 63001 | Depths:2 | Identified the staff of the Wraith {rElec rC- Will+ Air
                  | Poison}
 63003 | Depths:2 | Identified the +8 sling "Giantbane" {drain, Str+4 Int+4
                  | SInv Stlth-}
 63234 | Depths:4 | Reached skill level 14 in Spellcasting
 63483 | Depths:4 | Found Mier's Distillery.
 63484 | Depths:4 | Found Ereqef's Antique Weapon Boutique.
 63486 | Depths:4 | Bought a potion of haste for 200 gold pieces
 63486 | Depths:4 | Bought a potion of haste for 200 gold pieces
 63486 | Depths:4 | Bought a potion of mutation for 160 gold pieces
 63486 | Depths:4 | Bought a potion of curing for 60 gold pieces
 63486 | Depths:4 | Bought a potion of curing for 60 gold pieces
 63486 | Depths:4 | Bought a potion of curing for 60 gold pieces
 63486 | Depths:4 | Bought 2 potions of curing for 120 gold pieces
 63486 | Depths:4 | Bought a potion of enlightenment for 100 gold pieces
 63492 | Depths:4 | Bought a crystal scimitar for 468 gold pieces
 63492 | Depths:4 | Identified the +5 scimitar "Leegg" {vamp, rPois Int+2} (You
                  | bought it in a shop on level 4 of the Depths)
 63587 | Depths:4 | Identified the +0 chain mail of the Manifold Wars {Will-
                  | rCorr Int+2 Dex+3}
 63597 | Depths:4 | You pick up a book of Air and begin reading...
 63597 | Depths:4 | You add the spells Shock, Swiftness and Airstrike to your
                  | library.
 63878 | Depths:4 | Identified +0 gold dragon scales
 64019 | Depths:4 | Reached skill level 25 in Summonings
 64067 | Depths:4 | Found a gate to the Realm of Zot.
 64073 | Depths:4 | Noticed a caustic shrike
 64090 | Depths:4 | Noticed a caustic shrike
 64091 | Depths:4 | Killed a caustic shrike
 64098 | Depths:4 | Killed a caustic shrike
 64103 | Depths:4 | Identified +0 gold dragon scales
 64105 | Depths:4 | +0 gold dragon scales {rare}; a golden dragon corpse
 64492 | Depths:4 | Noticed a caustic shrike
 64498 | Depths:4 | Killed a caustic shrike
 65011 | Vaults:5 | Entered Level 5 of the Vaults
 65105 | Vaults:5 | Reached skill level 26 in Summonings
 65120 | Vaults:5 | Reached XP level 25. HP: 96/177 MP: 35/41
 65330 | Vaults:5 | Identified the amulet "Ocwit" {Faith rPois}
 65342 | Vaults:5 | Identified the amulet of Hunikupp {Faith rElec rN+}
 65370 | Vaults:5 | Identified the staff of Corporal Punishment {rPois Dex+3
                  | Poison}
 65506 | Vaults:5 | +0 shadow dragon scales {rare}; a shadow dragon corpse
 65571 | Vaults:5 | +0 shadow dragon scales {rare}; a shadow dragon corpse
 65575 | Vaults:5 | +0 shadow dragon scales {rare}; a shadow dragon corpse
 65668 | Vaults:5 | Identified the +5 ring mail of Experimentation {Str+4}
 66068 | Vaults:5 | +0 storm dragon scales {rare}; a storm dragon corpse
 66182 | Vaults:5 | You pick up a book of Blasting and begin reading...
 66182 | Vaults:5 | You add the spells Volatile Blastmotes and Fulminant Prism
                  | to your library.
 66260 | Vaults:5 | Reached skill level 27 in Summonings
 66319 | Vaults:5 | +0 storm dragon scales {rare}; a storm dragon skeleton
 66534 | Vaults:5 | Reached skill level 7 in Armour
 66577 | Vaults:5 | Identified the +1 spear of Infection {freeze, rElec rF+++
                  | Will- Str-2}
 66582 | Vaults:5 | Got a silver rune of Zot
 66584 | Vaults:5 | You pick up a book of Conjurations {@e2} and begin
                  | reading...
 66584 | Vaults:5 | You add the spells Magic Dart and Searing Ray to your
                  | library.
 66586 | Vaults:5 | You add the spells Malign Gateway and Summon Horrible
                  | Things to your library.
 66589 | Vaults:5 | You pick up a book of Blasting and begin reading...
 66612 | Vaults:5 | Learned a level 5 spell: Yara's Violent Unravelling
 66620 | Vaults:5 | Learned a level 7 spell: Malign Gateway
 66774 | Vaults:5 | You pick up a book of Ice and begin reading...
 66775 | Vaults:5 | Acquired the ring "Anguloecw" {Will+ Str+5}
 66818 | Vaults:5 | Reached skill level 4 in Hexes
 66818 | Vaults:5 | Reached skill level 7 in Transmutations
 66844 | Vaults:5 | Reached skill level 8 in Transmutations
 66848 | Vaults:5 | Reached skill level 5 in Hexes
 67273 | Vaults:5 | Identified the +0 leather armour of Efodoisch {+Blink
                  | Regen+ Dex+2}
 67279 | Vaults:5 | You add the spells Haunt, Borgnjor's Revivification and
                  | Death's Door to your library.
 67657 | Slime:1  | Entered Level 1 of the Pits of Slime
 67671 | Slime:1  | Reached skill level 6 in Hexes
 68063 | Slime:5  | Identified the "Piwuz"
 68063 | Slime:5  | Entered Level 5 of the Pits of Slime
 68082 | Slime:5  | Reached skill level 7 in Hexes
 68097 | Slime:5  | Noticed the Royal Jelly
 68139 | Slime:5  | Killed the Royal Jelly
 68143 | Slime:5  | Reached skill level 8 in Armour
 68275 | Slime:5  | Identified the +6 scale mail "Wimeliat" {+Inv Fly rElec
                  | Slay-3}
 68380 | Slime:5  | You pick up a book of Beasts and begin reading...
 68384 | Slime:5  | Identified the +1 chain mail of Follow the Leader {Int+3}
 68387 | Slime:5  | Identified the +9 rapier of the Omega Point {speed, rN+}
 68402 | Slime:5  | Got a slimy rune of Zot
 68830 | Zot:1    | Entered Level 1 of the Realm of Zot
 68831 | Zot:1    | Noticed an orb of fire
 68954 | Zot:2    | You pick up a book of Party Tricks and begin reading...
 68971 | Zot:2    | Reached skill level 9 in Armour
 68972 | Zot:2    | Reached skill level 19 in Fighting
 68987 | Zot:2    | Reached XP level 26. HP: 146/193 MP: 19/41
 68990 | Zot:2    | +0 shadow dragon scales {rare}; a shadow dragon corpse
 69013 | Zot:2    | +0 shadow dragon scales {rare}; a shadow dragon corpse
 69068 | Zot:2    | +0 shadow dragon scales {rare}; a shadow dragon corpse
 69142 | Zot:2    | Noticed a curse toe
 69149 | Zot:2    | Killed a curse toe
 69454 | Vaults:5 | G - quicksilver dragon scales {rare}
 69465 | Vaults:5 | You finish putting on your quicksilver dragon scales
                  | {rare}.
 69741 | Zot:1    | Killed an orb of fire
 69742 | Zot:1    | Reached skill level 10 in Armour
 69853 | Zot:3    | Reached skill level 20 in Fighting
 69869 | Zot:3    | Noticed a curse toe
 69874 | Zot:3    | Killed a curse toe
 70023 | Zot:4    | Reached skill level 11 in Armour
 70140 | Zot:5    | Entered Level 5 of the Realm of Zot
 70149 | Zot:5    | Acquired 813 gold pieces
 70151 | Zot:5    | Acquired 541 gold pieces
 70459 | Zot:5    | Noticed an orb of fire
 70460 | Zot:5    | Noticed an orb of fire
 70463 | Zot:5    | Noticed an orb of fire
 70471 | Zot:5    | Noticed an ancient lich
 70475 | Zot:5    | Noticed an ancient lich
 70476 | Zot:5    | Killed an orb of fire
 70478 | Zot:5    | Noticed a dread lich
 70480 | Zot:5    | Killed an orb of fire
 70480 | Zot:5    | Noticed a Killer Klown
 70481 | Zot:5    | Reached skill level 21 in Fighting
 70486 | Zot:5    | Noticed an orb of fire
 70487 | Zot:5    | Killed an orb of fire
 70488 | Zot:5    | Noticed a dread lich
 70490 | Zot:5    | Noticed a dread lich
 70493 | Zot:5    | Noticed a Killer Klown
 70698 | Zot:4    | Noticed an electric golem
 70710 | Zot:4    | Killed an electric golem
 70788 | Zot:5    | Killed a dread lich
 70788 | Zot:5    | Killed a dread lich
 70796 | Zot:5    | Killed an ancient lich
 70797 | Zot:5    | Reached skill level 22 in Fighting
 70855 | Zot:5    | Noticed a dread lich
 70861 | Zot:5    | Killed a dread lich
 70882 | Zot:5    | Killed an orb of fire
 70886 | Zot:5    | Killed a Killer Klown
 70890 | Zot:5    | Killed a dread lich
 70895 | Zot:5    | Killed a Killer Klown
 70896 | Zot:5    | Reached XP level 27. HP: 170/209 MP: 25/41
 70898 | Zot:5    | Killed an ancient lich
 71020 | Zot:5    | Noticed an electric golem
 71028 | Zot:5    | Killed an electric golem
 71029 | Zot:5    | Reached skill level 23 in Fighting
 71084 | Zot:5    | Noticed an electric golem
 71135 | Zot:5    | Noticed an ancient lich
 71141 | Zot:5    | Killed an ancient lich
 71144 | Zot:5    | Killed an electric golem
 71325 | Zot:5    | Got the Orb of Zot
 71473 | Zot:1    | Reached skill level 24 in Fighting
 71566 | Depths:1 | Noticed Coxkoc the pandemonium lord
 71589 | Depths:1 | Killed Coxkoc the pandemonium lord
 71843 | D:12     | Noticed Tyihal the pandemonium lord
 71853 | D:11     | Noticed Vaizaxtu the pandemonium lord
 72119 | D:$      | Escaped with the Orb!

Vanquished Creatures
  A dread lich (Zot:5)
  An orb of fire (Zot:5)
  2 ancient liches (Zot:5)
  2 golden dragons
  A curse toe (Zot:3)
  A hellephant (D:14)
  The ghost of Wusuin the Warrior, an adept MiBe of Trog (Shoals:3)
  The ghost of Boysiah the Eclecticist, an adept DECA of Ignis (Depths:1)
  2 electric golems
  2 liches
  4 tentacled monstrosities (Depths:1)
  A deep elf blademaster (Elf:3)
  8 Orb Guardians
  2 quicksilver dragons
  2 sphinxes
  2 acid blobs (Slime:5)
  Polyphemus (Shoals:2)
  2 death cobs
  An Executioner (D:4)
  2 tengu reavers
  2 shadow dragons (Vaults:5)
  A draconian knight (Zot:3)
  3 storm dragons
  4 nagarajas (Snake:4)
  4 azure jellies
  4 fire giants
  3 rockslimes
  2 deep elf sorcerers (Elf:3)
  3 frost giants
  9 vault wardens
  2 ghost moths (Zot:5)
  A deep elf elementalist (Elf:3)
  An orc warlord (Vaults:2)
  The ghost of Zenatt the Brawler, a journeyman TrFi of Ashenzari (Lair:4)
  8 stone giants
  2 quicksilver oozes (Slime:5)
  A formless jellyfish (Vaults:2)
  16 very ugly things
  10 ironbound preservers
  3 war gargoyles
  A vampire knight (Vaults:2)
  4 deep elf demonologists
  A green draconian (Zot:5)
  10 ironbound thunderhulks
  3 red draconians
  7 spark wasps
  Azrael (Orc:2)
  A deep elf annihilator (Elf:3)
  2 yellow draconians (Depths:4)
  4 dire elephants
  3 minotaurs (Shoals:4)
  4 crystal guardians
  A purple draconian (Depths:4)
  An ettin (shapeshifter) (Vaults:5)
  An eidolon (Vaults:1)
  4 ettins
  3 deep elf death magi
  An entropy weaver (Vaults:4)
  11 yaktaur captains
  2 merfolk impalers
  4 fire dragons
  3 great orbs of eyes
  11 vault guards
  2 deep elf high priests
  6 ice dragons
  A spriggan air mage (Depths:2)
  An alligator snapping turtle (Shoals:3)
  4 peacekeepers
  5 salamander tyrants
  13 centaur warriors
  2 ogre magi (Vaults:5)
  3 rakshasas
  A boulder beetle (D:13)
  7 ironbound frosthearts
  16 dancing weapons
  6 anacondas
  2 catoblepae
  4 merfolk avatars
  A two-headed ogre (D:8)
  7 satyrs
  A death knight (D:8)
  4 death yaks
  2 vampire magi
  6 deep troll earth magi
  4 deep troll shamans
  12 naga warriors
  8 shock serpents
  2 orc high priests
  2 tengu warriors
  A hell hog (D:15)
  18 naga sharpshooters
  A spriggan berserker (Lair:4)
  5 hell knights (Depths:3)
  5 deep elf knights
  A skeletal warrior (Vaults:2)
  5 skysharks
  A shadow wraith (Elf:2)
  10 salamander mystics
  3 iron trolls
  7 sea snakes
  A sea snake (shapeshifter) (Elf:2)
  2 glowing orange brains
  42 deep trolls
  A death drake (shapeshifter) (Depths:3)
  27 slime creatures
  4 deep elf archers
  4 naga ritualists
  An obsidian statue (Shoals:3)
  12 lindwurms
  10 orc knights
  3 arcanists
  A phantasmal warrior (Vaults:5)
  17 ironbound convokers
  2 necromancers
  3 mana vipers
  The ghost of Pi314 the Conjurer, a novice DrCj of Gozag (D:7)
  12 deep elf zephyrmancers
  6 orc sorcerers (Orc:2)
  19 ugly things
  20 fauns
  28 salamanders
  13 harpies
  19 deep elf pyromancers
  7 moths of wrath
  4 cyclopes
  An elephant (Lair:5)
  8 guardian serpents
  8 manticores
  34 black mambas
  11 naga magi
  7 merfolk sirens
  3 water nymphs
  12 vault sentinels
  A black mamba (shapeshifter) (Vaults:5)
  An eye of devastation (Slime:2)
  7 gargoyles
  7 cane toads
  An unseen horror (D:12)
  An efreet (D:8)
  6 komodo dragons
  4 rime drakes
  25 yaktaurs
  7 trolls
  5 tengu conjurers
  2 ice devils
  3 meliai
  5 wind drakes
  A polar bear (shapeshifter) (Elf:1)
  5 polar bears
  A tyrant leech (Lair:5)
  8 merfolk
  A queen bee (shapeshifter) (Elf:2)
  A hornet (Lair:4)
  15 blink frogs
  7 dream sheep
  A large abomination (D:4)
  5 spriggans (Lair:4)
  6 air elementals
  8 wraiths
  8 fire elementals
  A wyvern (Lair:4)
  5 water elementals
  14 yaks
  3 basilisks
  5 vampire mosquitoes
  A death yak simulacrum (IceCv)
  4 wargs (Orc:2)
  A neqoxec (Zot:5)
  An acid dragon (D:14)
  24 nagas
  4 hell hounds
  17 water moccasins
  23 orc warriors
  4 ogres
  8 wolves
  15 centaurs
  3 kobold brigands
  13 bullfrogs
  3 scorpions
  A gnoll sergeant (D:12)
  7 earth elementals
  12 wights
  6 hexers
  14 killer bees
  7 nameless horrors
  3 howler monkeys
  3 electric eels
  2 jellies (D:8)
  5 orc priests
  4 hounds
  3 iguanas
  22 orc wizards
  2 lightning spires (WizLab)
  4 gnolls
  4 adders
  A shadow imp (Gauntlet)
  4 white imps (IceCv)
  2 ufetubi (IceCv)
  2 worms
  2 dart slugs
  37 orcs
  4 ball pythons
  4 bats
  7 endoplasms
  A giant cockroach (D:4)
  7 goblins
  2 hobgoblins
  2 quokkas
  2 frilled lizards (D:3)
  6 kobolds
  4 rats
  A snaplasher vine (Depths:2)
  A spectral weapon (Lair:4)
1203 creatures vanquished.

Vanquished Creatures (collateral kills)
  the Royal Jelly (Slime:5)
  A pandemonium lord (Depths:1)
  2 ancient liches
  3 dread liches (Zot:5)
  4 orbs of fire
  2 Killer Klowns (Zot:5)
  A curse toe (Zot:2)
  3 caustic shrikes (Depths:4)
  Nikola (Depths:2)
  2 bone dragons (Depths:4)
  3 golden dragons
  Norris (Vaults:1)
  2 electric golems (Zot:5)
  A hellephant (D:14)
  Asterion (Vaults:1)
  13 tentacled monstrosities
  2 titans
  3 quicksilver dragons (Zot:2)
  20 Orb Guardians
  2 sphinxes
  A deep elf blademaster (Elf:3)
  2 deep elf master archers (Elf:3)
  7 acid blobs
  3 eldritch tentacles
  4 death cobs
  7 storm dragons
  An Executioner (D:12)
  Agnes (Elf:2)
  2 tengu reavers (Vaults:5)
  2 draconian monks
  6 shadow dragons
  3 azure jellies
  6 rockslimes (Slime:5)
  6 fire giants
  A draconian knight (Zot:4)
  8 deep elf sorcerers
  3 frost giants
  A nagaraja (Snake:4)
  A balrug (Depths:4)
  3 iron dragons
  10 vault wardens
  2 draconian scorchers (Zot:4)
  3 deep elf elementalists (Elf:3)
  3 cacodemons
  An angel (WizLab)
  2 quicksilver oozes (Slime:5)
  2 draconian stormcallers
  21 very ugly things
  A ghoul (Elf:2)
  2 formless jellyfish
  2 orc warlords
  13 ironbound preservers
  5 war gargoyles
  3 draconian annihilators
  14 stone giants
  A demonspawn corrupter (D:12)
  7 green draconians
  7 ironbound thunderhulks
  3 deep elf demonologists (Elf:3)
  4 dire elephants
  5 black draconians
  A minotaur (Gauntlet)
  6 purple draconians
  4 deep elf annihilators
  4 white draconians
  6 ettins
  3 crystal guardians
  4 yellow draconians
  2 spark wasps
  8 red draconians
  7 deep elf death magi
  An eidolon (Vaults:1)
  An entropy weaver (Vaults:5)
  A deep elf high priest (Elf:3)
  2 fire dragons
  3 yaktaur captains
  Josephine (Lair:3)
  A hell beast (Depths:4)
  A rakshasa (Depths:1)
  The ghost of nago the Carver, a journeyman MfBr of Okawaru (D:10)
  20 vault guards
  A salamander tyrant (Snake:3)
  3 great orbs of eyes
  An ogre mage (Vaults:5)
  3 spriggan air magi
  4 ironbound frosthearts
  3 peacekeepers (WizLab)
  4 hydras
  A merfolk avatar (Shoals:4)
  2 alligator snapping turtles (Shoals:4)
  6 ice dragons
  A centaur warrior (Vaults:2)
  2 merfolk aquamancers
  4 tengu warriors
  6 two-headed ogres
  2 death yaks (Lair:4)
  10 dancing weapons
  3 deep troll earth magi
  A demonic crawler (D:3)
  A boulder beetle (D:12)
  3 hell hogs (D:15)
  3 deep troll shamans
  2 naga warriors
  2 satyrs (Shoals:4)
  A titan zombie (Depths:2)
  4 naga sharpshooters
  A spriggan berserker (Depths:2)
  6 hell knights (Depths:3)
  A skyshark (Vaults:1)
  3 deep elf knights
  An occultist (Depths:2)
  2 shock serpents
  2 salamander mystics
  A cherub (D:14)
  A skeletal warrior (D:11)
  A shadow wraith (Elf:2)
  6 iron trolls
  A goliath frog (Lair:5)
  Lodul (D:13)
  3 glowing orange brains
  A flayed ghost (Vaults:5)
  3 large abominations (D:12)
  20 deep trolls
  A shadow demon (Zot:4)
  3 arcanists
  2 deep elf archers
  A harpy (Shoals:4)
  A bog body (IceCv)
  A necromancer (Depths:3)
  7 orc sorcerers
  3 phantasmal warriors (Vaults:5)
  2 mana vipers
  10 orc knights
  A steelbarb worm (shapeshifter) (Vaults:3)
  7 ironbound convokers
  A shining eye (Slime:5)
  13 ugly things
  10 deep elf zephyrmancers
  4 cyclopes
  6 deep elf pyromancers
  9 salamanders
  5 manticores
  A faun (Shoals:4)
  A centaur zombie (D:10)
  12 black mambas
  An elephant (shapeshifter) (Vaults:4)
  15 moths of wrath
  5 elephants
  2 merfolk sirens
  2 guardian serpents
  A rust devil (Depths:1)
  8 vault sentinels
  A fire giant skeleton (Depths:2)
  A smoke demon (D:14)
  An ice statue (IceCv)
  2 naga magi
  6 gargoyles
  3 unseen horrors
  7 cane toads
  4 komodo dragons
  18 yaktaurs
  2 kobold demonologists
  A komodo dragon (shapeshifter) (Vaults:5)
  A rime drake (D:11)
  3 tengu conjurers (Depths:2)
  5 freezing wraiths
  A red devil (Zot:2)
  An anaconda simulacrum (IceCv)
  5 trolls
  A meliai (D:15)
  4 merfolk
  17 blink frogs
  3 dream sheep
  3 air elementals
  A hornet (Lair:4)
  A flying skull (Elf:2)
  A wraith (D:11)
  7 water elementals
  24 slime creatures
  A hog (shapeshifter) (Depths:1)
  2 wyverns
  11 yaks
  A golden eye (shapeshifter) (Depths:1)
  2 fire elementals
  A neqoxec (D:14)
  A steam dragon (D:8)
  A spriggan (Lair:4)
  A vampire mosquito (Lair:5)
  A death yak simulacrum (IceCv)
  A warg (shapeshifter) (Depths:1)
  A redback (Vaults:4)
  3 wargs
  2 acid dragons
  A swamp worm (shapeshifter) (D:10)
  An acid dragon (shapeshifter) (Depths:1)
  A harpy simulacrum (IceCv)
  13 nagas
  A water moccasin (D:8)
  5 hell hounds
  3 nameless horrors
  10 orc warriors
  A black bear (D:5)
  A glowing shapeshifter skeleton (Depths:2)
  An ice beast (D:7)
  A sky beast (D:7)
  7 ogres
  3 wolves (Lair:5)
  2 centaurs
  A centaur (shapeshifter) (Depths:1)
  A phantom (D:6)
  A kobold brigand (D:13)
  7 bullfrogs
  Blork the orc (D:4)
  A cane toad simulacrum (IceCv)
  A gnoll sergeant (D:9)
  4 earth elementals
  5 two-headed ogre simulacra (IceCv)
  A scorpion (D:6)
  6 wights
  An elephant simulacrum (IceCv)
  13 killer bees
  A killer bee (shapeshifter) (Depths:1)
  2 howler monkeys (D:9)
  An electric eel (Lair:5)
  A gnoll bouda (D:9)
  9 orc priests
  3 jellies
  A sleepcap (D:5)
  Jessica (D:3)
  An iguana (D:5)
  19 orc wizards
  2 spriggan simulacra (IceCv)
  2 troll simulacra (IceCv)
  Robin (D:4)
  7 adders
  8 gnolls
  An adder (shapeshifter) (Depths:1)
  3 naga simulacra (IceCv)
  4 white imps
  6 ufetubi (IceCv)
  A worm (D:4)
  28 orcs
  3 ball pythons
  3 endoplasms (D:1)
  8 goblins
  3 hobgoblins
  3 jackals (D:3)
  2 quokkas
  5 bats
  A frilled lizard (D:1)
  8 kobolds
  A rat (shapeshifter) (Depths:1)
  2 rats (D:1)
  A lost soul (Elf:2)
  A spectral weapon (Vaults:1)
976 creatures vanquished.

Vanquished Creatures (others)
  11 eldritch tentacles
  Aizul (Snake:3)
  A nagaraja (Snake:2)
  A reaper (Gauntlet)
  A great orb of eyes (Vaults:4)
  An ogre mage (D:10)
  A two-headed ogre (D:10)
  A death knight (D:8)
  2 death yaks (Lair:4)
  A naga warrior (Snake:3)
  A shock serpent (Snake:4)
  Amaemon (Lair:1)
  2 deep elf knights
  4 skeletal warriors (D:11)
  A deep troll (Depths:3)
  An ironbound convoker (Vaults:4)
  A bog body (IceCv)
  A cyclops (D:10)
  An elephant (Lair:1)
  A cane toad (Lair:1)
  Joseph (D:9)
  An orange demon (Lair:1)
  A gargoyle (D:10)
  An unseen horror zombie (D:10)
  A komodo dragon (Lair:1)
  2 anaconda simulacra (IceCv)
  2 trolls
  A queen bee (D:10)
  A blink frog (Lair:2)
  A shadow (D:9)
  12 yaks (D:9)
  A steam dragon (Lair:3)
  A hydra simulacrum (IceCv)
  2 orc warriors
  A black bear (D:4)
  A bullfrog (Lair:3)
  A two-headed ogre simulacrum (IceCv)
  2 scorpions (D:5)
  6 wights
  10 killer bees
  A howler monkey (D:10)
  An elephant simulacrum (IceCv)
  A gnoll bouda (D:6)
  An iguana (D:6)
  2 orc wizards (D:10)
  A polar bear simulacrum (IceCv)
  2 spriggan simulacra (IceCv)
  66 hexers
  4 gnolls
  2 ancestors (D:6)
  3 naga simulacra (IceCv)
  An orc (Orc:2)
  A lost soul (Elf:2)
  11 snaplasher vines
181 creatures vanquished.

Grand Total: 2360 creatures vanquished

Table legend:
 A = Non-vault XP
 B = Vault XP
 C = Vault XP percentage of total XP
 D = Non-vault monster count
 E = Vault monster count
 F = Vault count percentage of total count
                 A         B        C        D         E       F
            +---------+---------+-------+---------+---------+-------
      Total |  647985 |  658302 |  50.4 |    1246 |     946 |  43.2
            +---------+---------+-------+---------+---------+-------
        D:1 |      38 |       0 |   0.0 |      21 |       0 |   0.0
        D:2 |      76 |       0 |   0.0 |      15 |       0 |   0.0
        D:3 |      44 |      37 |  45.7 |      18 |       1 |   5.3
        D:4 |     281 |     289 |  50.7 |      15 |      13 |  46.4
        D:5 |     481 |     300 |  38.4 |       9 |      11 |  55.0
        D:6 |     850 |     220 |  20.6 |      15 |       2 |  11.8
        D:7 |    1209 |    1161 |  49.0 |      11 |       5 |  31.2
        D:8 |    1785 |    8680 |  82.9 |      23 |      45 |  66.2
        D:9 |    7393 |     439 |   5.6 |      51 |       1 |   1.9
       D:10 |    1074 |   14044 |  92.9 |       5 |      61 |  92.4
       D:11 |    6306 |    1220 |  16.2 |      13 |       4 |  23.5
       D:12 |    5036 |     928 |  15.6 |      17 |       6 |  26.1
       D:13 |    8296 |    3299 |  28.5 |      25 |      10 |  28.6
       D:14 |    6129 |       0 |   0.0 |      13 |       0 |   0.0
       D:15 |    2966 |    1695 |  36.4 |       7 |       2 |  22.2
     Lair:1 |    4829 |    1950 |  28.8 |      16 |       5 |  23.8
     Lair:2 |    6454 |     935 |  12.7 |      24 |       4 |  14.3
     Lair:3 |    3495 |    2660 |  43.2 |      17 |       8 |  32.0
     Lair:4 |    9375 |    4127 |  30.6 |      21 |       9 |  30.0
     Lair:5 |   12819 |   10377 |  44.7 |      42 |      38 |  47.5
   Shoals:1 |   12700 |       0 |   0.0 |      23 |       0 |   0.0
   Shoals:2 |    7675 |    3983 |  34.2 |      16 |       4 |  20.0
   Shoals:3 |    8259 |    6297 |  43.3 |      19 |       8 |  29.6
   Shoals:4 |   10278 |   26041 |  71.7 |      19 |      39 |  67.2
    Snake:1 |   13831 |     879 |   6.0 |      35 |       2 |   5.4
    Snake:2 |   19897 |    3778 |  16.0 |      34 |       8 |  19.0
    Snake:3 |   28658 |    3458 |  10.8 |      54 |       4 |   6.9
    Snake:4 |   12314 |   35837 |  74.4 |      24 |      50 |  67.6
    Slime:1 |    3604 |       0 |   0.0 |       5 |       0 |   0.0
    Slime:2 |     434 |       0 |   0.0 |       1 |       0 |   0.0
    Slime:3 |    5075 |       0 |   0.0 |       6 |       0 |   0.0
    Slime:4 |    2546 |       0 |   0.0 |       2 |       0 |   0.0
    Slime:5 |    4450 |   15943 |  78.2 |       5 |      15 |  75.0
      Orc:1 |    1193 |       0 |   0.0 |       8 |       0 |   0.0
      Orc:2 |    6136 |    9119 |  59.8 |      64 |      57 |  47.1
      Elf:1 |   12974 |   13332 |  50.7 |      27 |      20 |  42.6
      Elf:2 |   13817 |    8524 |  38.2 |      24 |      10 |  29.4
      Elf:3 |   20610 |   34141 |  62.4 |      35 |      30 |  46.2
   Vaults:1 |   34365 |   21512 |  38.5 |      56 |      27 |  32.5
   Vaults:2 |   30704 |   24891 |  44.8 |      42 |      52 |  55.3
   Vaults:3 |   15608 |   29558 |  65.4 |      26 |      37 |  58.7
   Vaults:4 |   26677 |   28775 |  51.9 |      37 |      38 |  50.7
   Vaults:5 |   20227 |  104962 |  83.8 |      39 |     102 |  72.3
   Depths:1 |   41604 |   26106 |  38.6 |      54 |      27 |  33.3
   Depths:2 |   29168 |   22927 |  44.0 |      38 |      24 |  38.7
   Depths:3 |   39827 |    6500 |  14.0 |      46 |       6 |  11.5
   Depths:4 |   48541 |   26777 |  35.6 |      48 |      21 |  30.4
      Zot:1 |   18229 |       0 |   0.0 |      15 |       0 |   0.0
      Zot:2 |   26345 |       0 |   0.0 |      20 |       0 |   0.0
      Zot:3 |   11748 |   12532 |  51.6 |       9 |      13 |  59.1
      Zot:4 |   12868 |       0 |   0.0 |      11 |       0 |   0.0
      Zot:5 |   28687 |  109971 |  79.3 |      26 |      44 |  62.9
      IceCv |       0 |    4891 | 100.0 |       0 |      48 | 100.0
     WizLab |       0 |   23053 | 100.0 |       0 |      32 | 100.0
   Gauntlet |       0 |    2154 | 100.0 |       0 |       3 | 100.0
            +---------+---------+-------+---------+---------+-------

Skill      XL: |  1  2  3  4  5  6  7  8  9 10 11 12 13 14 15 16 17 18 19 20 21 22 23 24 25 26 27 |
---------------+----------------------------------------------------------------------------------+-----
Summonings     | 5 6 7 8 10 12 13 17 19 20 22 23 26 27 | 27.0
Spellcasting   | 3 7 8 10 13 14 | 14.0
Hexes          | 2 3 7 |  7.0
Dodging        | 5 8 10 13 14 15 18 21 22 27 | 27.0
Fighting       | 3 6 8 10 12 13 14 15 16 17 18 19 22 24 | 24.6
Long Blades    | 5 8 10 14 16 | 16.0
Air Magic      | 2 4 6 |  6.0
Shields        | 3 6 8 |  8.0
Invocations    | 6 |  6.0
Transmutations | 2 6 8 |  8.0
Evocations     | 4 |  4.0
Armour         | 5 6 9 11 | 11.7
Translocations | 4 |  4.0
Stealth        | |  2.1

Action                     |  1- 3 |  4- 6 |  7- 9 | 10-12 | 13-15 | 16-18 | 19-21 | 22-24 | 25-27 || total
---------------------------+-------+-------+-------+-------+-------+-------+-------+-------+-------++-------
  Melee: Dagger            |     9 |       |       |       |       |       |       |       |       ||     9
         Unarmed           |     7 |       |       |       |       |       |       |       |       ||     7
         Spear             |    35 |    57 |    71 |       |       |       |       |       |       ||   163
         Long sword        |       |       |    27 |   152 |    68 |       |       |       |       ||   247
         Punch             |       |       |       |     1 |       |       |       |       |       ||     1
         Scimitar          |       |       |       |       |   566 |   310 |       |       |       ||   876
         Tailslap          |       |       |       |       |     1 |    27 |     8 |       |       ||    36
         Demon blade       |       |       |       |       |       |   713 |   912 |   955 |   513 ||  3093
   Cast: Summon Small Mamm |    14 |     3 |     4 |     1 |       |       |       |       |       ||    22
         Call Imp          |    15 |     9 |     8 |    12 |     5 |       |       |       |       ||    49
         Call Canine Famil |       |    16 |    20 |    35 |    69 |    40 |    11 |       |       ||   191
         Summon Guardian G |       |     4 |    20 |    56 |    66 |    13 |     2 |       |       ||   161
         Summon Lightning  |       |       |       |     8 |    77 |    55 |    19 |       |       ||   159
         Wereblood         |       |       |       |       |     6 |    15 |    14 |    20 |     5 ||    60
         Summon Forest     |       |       |       |       |       |       |    26 |    15 |     1 ||    42
         Summon Hydra      |       |       |       |       |       |       |    59 |   121 |    14 ||   194
         Summon Mana Viper |       |       |       |       |       |       |     4 |    14 |       ||    18
         Dragon's Call     |       |       |       |       |       |       |       |    11 |    29 ||    40
         Malign Gateway    |       |       |       |       |       |       |       |       |    14 ||    14
 Invoke: Recall Ancestor   |       |       |     5 |     4 |    14 |    12 |     5 |     6 |     4 ||    50
         Ancestor Life: He |       |       |     1 |       |       |       |       |       |       ||     1
         Ancestor Identity |       |       |     1 |       |       |       |       |       |       ||     1
         Idealise          |       |       |       |       |     1 |     4 |     5 |     4 |     1 ||    15
  Evoke: Wand              |       |       |     7 |     8 |    10 |     4 |     3 |     5 |     1 ||    38
         Condenser vane    |       |       |       |       |       |     2 |     1 |     2 |     2 ||     7
         Sack of spiders   |       |       |       |       |       |     2 |       |     2 |     2 ||     6
         Lightning rod     |       |       |       |       |       |     4 |       |       |       ||     4
         Phantom mirror    |       |       |       |       |       |     2 |       |     1 |     1 ||     4
    Use: Potion            |     1 |       |       |       |     4 |     5 |     2 |     4 |    17 ||    33
         Scroll            |       |     1 |     3 |    12 |    18 |    19 |     5 |     7 |    13 ||    78
   Stab: Sleeping          |     2 |    10 |     2 |       |     1 |     4 |     6 |     5 |       ||    30
         Distracted        |       |       |     2 |     6 |    16 |    30 |    28 |    22 |    24 ||   128
         Confused          |       |       |     1 |     7 |    20 |    20 |    60 |    40 |    27 ||   175
         Paralysed         |       |       |       |       |    35 |    68 |    87 |    68 |    25 ||   283
         Invisible         |       |       |       |       |       |     7 |       |       |       ||     7
 Armour: Robe              |    35 |    27 |     7 |       |       |       |       |       |       ||    69
         Leather armour    |       |       |    63 |     9 |   131 |   163 |   131 |   267 |    69 ||   833
         Steam dragon scal |       |       |       |    51 |     1 |       |       |       |       ||    52
         Ring mail         |       |       |       |       |       |       |     2 |       |       ||     2
         Quicksilver drago |       |       |       |       |       |       |       |       |   148 ||   148
  Dodge: Dodged            |    41 |    42 |    96 |   150 |   299 |   441 |   439 |   511 |   275 ||  2294
         Repelled          |       |       |       |       |       |       |     5 |       |       ||     5
  Block: Buckler           |       |       |       |    61 |   452 |   730 |   553 |   365 |   207 ||  2368
         Reflection        |       |       |       |       |    32 |    94 |    49 |       |       ||   175

Illustrated notes

Table legend:
 A = Kills in this place as a percentage of kills in the entire game.
 B = Kills by you in this place as a percentage of kills by you in the entire game.
 C = Kills by friends in this place as a percentage of kills by friends in the entire game.
 D = Other kills in this place as a percentage of other kills in the entire game.
 E = Experience gained in this place as a percentage of experience gained in the entire game.
 F = Experience gained in this place divided by the number of levels of this place that you have seen.
                   A       B       C       D       E      F
               +-------+-------+-------+-------+-------+----------------------
         Total | 100.0 | 100.0 | 100.0 | 100.0 | 100.0 | 24302.5
       Dungeon |  19.8 |  17.7 |  19.0 |  43.2 |   6.9 | 6183.0
          Lair |   8.3 |   9.9 |   6.4 |   7.9 |   4.3 | 11404.2
        Shoals |   5.7 |   9.0 |   2.5 |   1.4 |   5.6 | 18808.2
     Snake Pit |   9.5 |  14.2 |   4.8 |   2.9 |   8.9 | 29663.0
    Slime Pits |   1.5 |   0.7 |   2.6 |   0.7 |   2.4 | 6410.4
  Orcish Mines |   5.8 |   6.1 |   6.3 |   0.0 |   1.2 | 8224.0
   Elven Halls |   6.6 |   6.7 |   6.8 |   3.6 |   7.7 | 34466.0
        Vaults |  20.5 |  20.5 |  20.4 |  20.9 |  25.2 | 67455.8
        Depths |  12.0 |  10.1 |  14.9 |   7.2 |  18.6 | 62034.2
           Zot |   6.6 |   2.8 |  11.8 |   1.4 |  16.9 | 45114.6
      Ice Cave |   2.2 |   0.4 |   3.0 |  10.1 |   0.4 | 4891.0
        Wizlab |   1.4 |   1.7 |   1.4 |   0.0 |   1.7 | 23053.0
      Gauntlet |   0.1 |   0.1 |   0.1 |   0.7 |   0.2 | 2154.0
               +-------+-------+-------+-------+-------+----------------------

Table legend: (Time is in decaauts)
 A = Elapsed time spent in this place.
 B = Non-inter-level travel time spent in this place.
 C = Inter-level travel time spent in this place.
 D = Time resting spent in this place.
 E = Time spent auto-exploring this place.
 F = Levels seen in this place.
 G = Mean time per level.
                   A        B        C        D        E       F      G
               +--------+--------+--------+--------+--------+-----+--------+
         Total |  70298 |  62707 |   7591 |  13100 |  33622 |  55 | 1278.1 |
       Dungeon |  22039 |  18403 |   3636 |   2879 |  11327 |  15 | 1469.3 |
          Lair |   6448 |   5305 |   1143 |    400 |   3829 |   5 | 1289.6 |
        Shoals |   3650 |   3499 |    151 |    721 |   1908 |   4 |  912.5 |
     Snake Pit |   6027 |   5814 |    213 |   1223 |   3171 |   4 | 1506.8 |
    Slime Pits |    793 |    718 |     75 |    295 |     66 |   5 |  158.6 |
  Orcish Mines |   2791 |   2442 |    349 |    631 |   1172 |   2 | 1395.5 |
   Elven Halls |   4814 |   4370 |    444 |   1094 |   2212 |   3 | 1604.7 |
        Vaults |   9882 |   9217 |    665 |   1835 |   5173 |   5 | 1976.4 |
        Depths |   8271 |   7419 |    852 |   1617 |   4156 |   4 | 2067.8 |
           Zot |   2013 |   1952 |     61 |    741 |    237 |   5 |  402.6 |
      Ice Cave |   1670 |   1670 |      0 |    849 |    103 |   1 | 1670.0 |
        Wizlab |   1041 |   1041 |      0 |    418 |    104 |   1 | 1041.0 |
      Gauntlet |    855 |    855 |      0 |    396 |    161 |   1 |  855.0 |
               +--------+--------+--------+--------+--------+-----+--------+

Top non-repeatable levels by time:
     D:8: 2985 daAuts
Depths:1: 2706 daAuts
Vaults:4: 2430 daAuts
    D:10: 2359 daAuts
Vaults:5: 2305 daAuts
   Elf:1: 2090 daAuts
   Orc:2: 2051 daAuts
     D:9: 2038 daAuts
Depths:4: 1972 daAuts
 Snake:3: 1939 daAuts
Depths:3: 1927 daAuts
Vaults:3: 1842 daAuts
     D:4: 1741 daAuts
Vaults:2: 1712 daAuts
   IceCv: 1670 daAuts
